 Dungeon Crawl Stone Soup version 0.31-a0-1576-ga3383bade6 (webtiles) character file.

Game seed: 15943488091929162276

2239703 gdog the Acrobat (level 27, 213/300 HPs)
             Began as a Gnoll Delver on Jan 2, 2024.
             Was a High Priest of Elyvilon.
             Escaped with the Orb
             ... and 5 runes on Jan 4, 2024!
             The game lasted 13:06:51 (127818 turns).

gdog the Acrobat (Gnoll Delver)                   Turns: 127818, Time: 13:06:51

Health: 213/300    AC: 28    Str: 11    XL:     27
Magic:  48/48      EV: 18    Int: 30    God:    Elyvilon [*****.]
Gold:   3022       SH: 26    Dex: 15    Spells: 5/68 levels left

rFire   + + +        S - +9 quick blade (heavy)
rCold   + + .        Z - +4 tower shield
rNeg    . . .        G - +8 fire dragon scales {Xtahua}
rPois   .            (helmet restricted)
rElec   +            L - scarf of Golden Music {rC+ rF+, rElec Will++ Str-2 SInv}
rCorr   +            m - +3 pair of gloves of Sucyotzo {rCorr Int+3 Stlth+}
SInv    +            d - +2 pair of boots "Emafuq" {rC++ rCorr}
Will    +++..        U - amulet "Ynaureyn" {RegenMP Harm Will- Regen+}
Stlth   +++          R - +6 ring of intelligence
HPRegen 1.50/turn    r - ring of Morality {rElec rF+ Str+2}
MPRegen 0.71/turn

%: random rage (3%), harm (+30% outgoing, +20% incoming)
@: studying 2 skills
A: fangs 1, strong nose, distributed training, horns 1, camouflage 1, berserk 1,
clumsy 1, deformed body, robust 3, inability to drink after injury 1
0: Orb of Zot
}: 5/15 runes: barnacled, slimy, silver, abyssal, gossamer
a: Renounce Religion, Purification, Heal Other, Heal Self, Divine Vigour


You escaped.
You worshipped Elyvilon.
Elyvilon was extremely pleased with you.
You visited 11 branches of the dungeon, and saw 55 of its levels.
You visited the Abyss 2 times.
You visited 1 bazaar.
You also visited: Sewer, Gauntlet, Ice Cave and Wizlab.

You collected 10391 gold pieces.
You spent 7369 gold pieces at shops.

Inventory:

Hand Weapons
 b - the +8 longbow "Zephyr" {speed, Dex+3 SInv}
   (You bought it in a shop on level 2 of the Orcish Mines)

   Dex+3:     It affects your dexterity (+3).
   SInv:      It lets you see invisible.
 s - the +4 morningstar of the Hungering Seeker {flame, rF- Will+ Int+5}
   (You took it off a deep elf death mage on level 3 of the Elven Halls)

   Int+5:     It affects your intelligence (+5).
   rF-:       It makes you vulnerable to fire.
   Will+:     It increases your willpower.
 S - a +9 heavy quick blade (weapon)
 W - the +8 mithril axe "Arga" {speed, Will+}
   (You took it off a minotaur in a Gauntlet)

   Will+:     It increases your willpower.
Missiles
 A - 14 silver javelins
Armour
 d - the +2 pair of boots "Emafuq" (worn) {rC++ rCorr}
   (You found it on level 1 of the Shoals)

   rC++:      It greatly protects you from cold.
   rCorr:     It protects you from acid and corrosion.
 h - the +0 ring mail of the Vaults {rElec rN+ Int+2}
   (You bought it in a shop on level 13 of the Dungeon)

   Int+2:     It affects your intelligence (+2).
   rElec:     It insulates you from electricity.
   rN+:       It protects you from negative energy.
 m - the +3 pair of gloves of Sucyotzo (worn) {rCorr Int+3 Stlth+}
   (You found it in a Gauntlet)

   Int+3:     It affects your intelligence (+3).
   rCorr:     It protects you from acid and corrosion.
   Stlth+:    It makes you more stealthy.
 G - +8 fire dragon scales (worn) {Xtahua}
 L - the scarf of Golden Music (worn) {rC+ rF+, rElec Will++ Str-2 SInv}
   (You acquired it on level 8 of the Dungeon)

   Str-2:     It affects your strength (-2).
   rElec:     It insulates you from electricity.
   Will++:    It greatly increases your willpower.
   SInv:      It lets you see invisible.
 Z - a +4 tower shield (worn)
Magical Staves
 a - the staff "Ucuil" {rN+ Str+3 Ice Earth}
   (You found it on level 15 of the Dungeon)

   [staff of earth]

   Base accuracy: +5 Base damage: 5 Base attack delay: 1.2 This weapon's minimum
   attack delay (0.6) is reached at skill level 12.
   Str+3:     It affects your strength (+3).
   rN+:       It protects you from negative energy.
   Ice:       It increases the power of your Ice spells.
   Earth:     It increases the power of your Earth spells.
   It falls into the 'Staves' category.
   It is a one-handed weapon.
Jewellery
 i - a ring of wizardry
 o - the ring of the Hare {EV+10}
   (You found it on level 3 of the Shoals)

   [ring of evasion]

   EV+10:     It affects your evasion (+10).
 r - the ring of Morality (right hand) {rElec rF+ Str+2}
   (You took it off a vampire knight on level 2 of the Depths)

   [ring of protection from fire]

   Str+2:     It affects your strength (+2).
   rF+:       It protects you from fire.
   rElec:     It insulates you from electricity.
 u - an amulet of reflection
 w - a ring of poison resistance
 y - an amulet of magic regeneration
 B - an amulet of faith
 E - a ring of protection from cold
 H - the ring of Oruust {MP+9 Dex+6}
   (You found it on level 1 of the Depths)

   [ring of dexterity]

   Dex+6:     It affects your dexterity (+6).
   MP+9:      It affects your magic capacity (+9).
 M - a ring of wizardry
 N - a ring of see invisible
 R - a +6 ring of intelligence (left hand)
 U - the amulet "Ynaureyn" (around neck) {RegenMP Harm Will- Regen+}
   (You found it on level 4 of the Shoals)

   [amulet of magic regeneration]

   RegenMP:   It increases your rate of magic regeneration.
   Will-:     It decreases your willpower.
   Regen+:    It increases your rate of health regeneration.
   Harm:      It increases damage dealt and taken.
 Y - the ring "Kemule Byox" {^Contam Fly rC+ Int+2 Stlth+}
   (You found it on level 5 of the Pits of Slime)

   [ring of flight]

   Int+2:     It affects your intelligence (+2).
   rC+:       It protects you from cold.
   Fly:       It grants you flight.
   ^Contam:   It causes magical contamination when unequipped.
   Stlth+:    It makes you more stealthy.
Wands
 g - a wand of digging (17)
 l - a wand of flame (80)
 v - a wand of paralysis (44)
 z - a wand of mindburst (24)
 Q - a wand of iceblast (51)
 X - a wand of quicksilver (14)
Scrolls
 c - 5 scrolls of fog
 e - a scroll of acquirement
 n - 6 scrolls of teleportation
 q - 3 scrolls of vulnerability
 I - 4 scrolls of fear
 O - 6 scrolls of silence
Potions
 j - 9 potions of attraction
 k - 5 potions of curing
 p - a potion of invisibility
 t - 9 potions of lignification
 C - 17 potions of ambrosia
 D - 10 potions of enlightenment
 F - a potion of mutation
 K - 3 potions of brilliance
 P - a potion of berserk rage
 V - a potion of cancellation
Miscellaneous
 x - a phial of floods
 J - a phantom mirror
 T - a box of beasts


   Skills:
 + Level 21.9 Fighting
 + Level 21.5 Short Blades
 + Level 21.1 Long Blades
 + Level 21.1 Axes
 + Level 24.4 Maces & Flails
 + Level 21.1 Polearms
 + Level 21.1 Staves
 + Level 21.1 Ranged Weapons
 + Level 21.1 Throwing
 + Level 21.1 Armour
 + Level 26.1 Dodging
 + Level 22.7 Stealth
 + Level 21.1 Shields
 + Level 21.1 Unarmed Combat
 + Level 21.1 Spellcasting
 + Level 18.1 Conjurations
 + Level 18.1 Hexes
 + Level 18.1 Summonings
 + Level 18.1 Necromancy
 + Level 18.1 Translocations
 + Level 18.1 Fire Magic
 + Level 18.1 Ice Magic
 + Level 18.1 Air Magic
 + Level 18.1 Earth Magic
 + Level 18.1 Alchemy
 + Level 22.8 Invocations
 + Level 21.1 Evocations
 + Level 19.6 Shapeshifting


You had 5 spell levels left.
You knew the following spells:

 Your Spells              Type           Power      Damage    Failure   Level
d - Summon Blazeheart Go  Fire/Summ      96%        N/A       1%          4
e - Summon Lightning Spi  Summ/Air       96%        N/A       1%          4
f - Summon Mana Viper     Hex/Summ       96%        N/A       1%          5
g - Summon Forest         Summ/Tloc      48%        N/A       1%          5
j - Summon Hydra          Summ           48%        N/A       3%          7
A - Arcjolt               Conj/Air       48%        1d58      1%          5
E - Enfeeble              Hex            48%        N/A       3%          7
F - Flame Wave            Conj/Fire      96%        2d20      1%          4
O - Orb of Destruction    Conj           48%        9d13      3%          7
S - Swiftness             Air            96%        N/A       0%          3
T - Tukima's Dance        Hex            96%        N/A       0%          3
V - Vhi's Electric Charg  Tloc/Air       100%       N/A       1%          4
Y - Yara's Violent Unrav  Hex/Alch       48%        3d19      1%          5

Your spell library contained the following spells:

 Spells                   Type           Power      Damage    Failure   Level
 Apportation              Tloc           100%       N/A       0%          1
 Foxfire                  Conj/Fire      100%       2x1d9     0%          1
 Freeze                   Ice            100%       1d10      0%          1
 Kiss of Death            Conj/Necr      100%       2d13      0%          1
 Magic Dart               Conj           100%       1d8       0%          1
 Sandblast                Erth           100%       2d20      0%          1
 Shock                    Conj/Air       100%       1d9       0%          1
 Slow                     Hex            100%       N/A       0%          1
 Sting                    Conj/Alch      100%       1d9       0%          1
 Summon Small Mammal      Summ           100%       N/A       0%          1
 Call Imp                 Summ           100%       N/A       0%          2
 Cigotuvi's Dreadful Rot  Necr/Alch/Air  100%       N/A       0%          2
 Ensorcelled Hibernation  Hex/Ice        100%       N/A       0%          2
 Jinxbite                 Hex            100%       N/A       0%          2
 Lesser Beckoning         Tloc           100%       N/A       0%          2
 Mercury Vapours          Alch/Air       100%       N/A       0%          2
 Momentum Strike          Conj/Tloc      100%       3d10      0%          2
 Searing Ray              Conj           100%       2d8       0%          2
 Sublimation of Blood     Necr           96%        N/A       0%          2
 Call Canine Familiar     Summ           96%        N/A       0%          3
 Confusing Touch          Hex            96%        N/A       0%          3
 Dazzling Flash           Conj/Hex       100%       N/A       0%          3
 Frozen Ramparts          Ice            100%       1d16      0%          3
 Fugue of the Fallen      Necr           96%        N/A       0%          3
 Gell's Gravitas          Tloc           96%        N/A       0%          3
 Hailstorm                Conj/Ice       96%        3d15      0%          3
 Inner Flame              Hex/Fire       96%        N/A       0%          3
 Mephitic Cloud           Conj/Alch/Air  96%        N/A       0%          3
 Ozocubu's Armour         Ice            96%        N/A       0%          3
 Passwall                 Erth           96%        N/A       0%          3
 Sigil of Binding         Hex            96%        N/A       0%          3
 Stone Arrow              Conj/Erth      100%       3d13      0%          3
 Summon Ice Beast         Ice/Summ       96%        N/A       0%          3
 Teleport Other           Tloc           96%        N/A       0%          3
 Vampiric Draining        Necr           96%        2d12      0%          3
 Volatile Blastmotes      Fire/Tloc      100%       2d18      0%          3
 Anguish                  Hex/Necr       48%        N/A       1%          4
 Animate Armour           Summ/Erth      100%       N/A       1%          4
 Animate Dead             Necr           96%        N/A       1%          4
 Brom's Barrelling Bould  Conj/Erth      96%        2d11      1%          4
 Dimensional Bullseye     Hex/Tloc       48%        N/A       1%          4
 Dispel Undead            Necr           96%        3d30      1%          4
 Fulminant Prism          Conj/Alch      48%        3d21      1%          4
 Ignite Poison            Fire/Alch      96%        N/A       1%          4
 Iskenderun's Mystic Bla  Conj/Tloc      96%        2d19      1%          4
 Leda's Liquefaction      Alch/Erth      48%        N/A       1%          4
 Manifold Assault         Tloc           96%        N/A       1%          4
 Martyr's Knell           Necr/Summ      96%        N/A       1%          4
 Olgreb's Toxic Radiance  Alch           96%        N/A       1%          4
 Passage of Golubria      Tloc           96%        N/A       1%          4
 Petrify                  Alch/Erth      96%        N/A       1%          4
 Sticky Flame             Fire/Alch      96%        2d14      1%          4
 Alistair's Intoxication  Alch           64%        N/A       1%          5
 Borgnjor's Vile Clutch   Necr/Erth      48%        N/A       1%          5
 Curse of Agony           Necr           96%        N/A       1%          5
 Fireball                 Conj/Fire      48%        3d19      1%          5
 Freezing Cloud           Conj/Ice/Air   48%        6-21      1%          5
 Irradiate                Conj/Alch      48%        3d27      1%          5
 Iskenderun's Battlesphe  Conj           96%        2d14      1%          5
 Lee's Rapid Deconstruct  Erth           48%        3d23*     1%          5
 Metabolic Englaciation   Hex/Ice        48%        N/A       1%          5
 Bombard                  Conj/Erth      48%        9d8       1%          6
 Conjure Ball Lightning   Conj/Air       48%        3x3d17    1%          6
 Death Channel            Necr           48%        N/A       1%          6
 Eringya's Noxious Bog    Alch           48%        4d6       1%          6
 Plasma Beam              Fire/Air       48%        2x1d62    1%          6
 Sculpt Simulacrum        Ice/Alch       48%        N/A       1%          6
 Starburst                Conj/Fire      48%        6d13      1%          6
 Summon Cactus Giant      Summ           48%        N/A       1%          6
 Haunt                    Necr/Summ      48%        N/A       3%          7
 Monstrous Menagerie      Summ           48%        N/A       3%          7
 Ozocubu's Refrigeration  Ice            48%        4d18      3%          7
 Spellforged Servitor     Conj/Summ      48%        N/A       3%          7
 Discord                  Hex            48%        N/A       30%         8
 Disjunction              Tloc           48%        N/A       30%         8
 Ignition                 Fire           48%        3d14      30%         8
 Maxwell's Capacitive Co  Air            48%        ∞         30%         8
 Chain Lightning          Conj/Air       48%        3d64      99%         9
 Fire Storm               Conj/Fire      48%        8d12      99%         9
 Polar Vortex             Ice            48%        12d6*     99%         9
 Shatter                  Erth           48%        3d37*     99%         9


Dungeon Overview and Level Annotations

Branches:
Dungeon (15/15)            Temple (0/1) D:5            Lair (5/5) D:11
 Shoals (4/4) Lair:2       Spider (4/4) Lair:2        Slime (5/5) Lair:5
    Orc (2/2) D:9             Elf (3/3) Orc:2        Vaults (5/5) D:14
  Crypt (3/3) Vaults:2       Tomb (0/3) Crypt:3      Depths (4/4) D:15
    Zot (5/5) Depths:4      Sewer (visited)           IceCv (visited)
 WizLab (visited)         Gauntlet (visited)

Altars:
Cheibriados
Dithmenos
Elyvilon
Kikubaaqudgha
Makhleb
Nemelex Xobeh
Okawaru
Qazlal
Ru
Sif Muna
Trog
Uskayaw
Vehumet
Wu Jian
Xom
Zin
The Shining One
Jiyva

Shops:
D:3 !   D:5 *   D:6 *   D:7 :   D:9 [   D:11 :   D:12 :   D:13 *(![
Orc:2 (*=[   Elf:3 *   Vaults:1 ?   Vaults:2 *   Vaults:3 !   Depths:3 !!?
Depths:4 *

Portals:
Hell: Depths:1 Depths:2 Depths:3 Depths:4
Abyss: Depths:3
Pandemonium: Depths:1 Depths:2 Depths:3
Ziggurat: Depths:1
Trove: Vaults:1 (show slimy rune of Zot)

Annotations:
Vaults:2 2 transporters, Ruxt's ghost, adept MiFi; Tonberry's ghost, adept DgCj
Crypt:2 3 runed translucent doors, Igymira's ghost, veteran MiGl
Zot:1 2 transporters, exclusion: orange crystal statue


Innate Abilities, Weirdness & Mutations

You have very sharp teeth.
Your uncanny sense of smell can sniff out nearby items.
Your experience applies equally to all skills.
You have a pair of small horns on your head.
Your skin changes colour to match your surroundings (Stealth+).
You sometimes lose your temper in combat.
You are clumsy. (Dex -2)
Armour fits poorly on your strangely shaped body.
You are extremely robust. (+30% HP)
You occasionally lose the ability to drink potions when taking damage.


Message History

You block the jackal's attack.
You barely miss the jackal. You headbutt the jackal.
You bite the jackal, but do no damage. You puncture the jackal!
You kill the jackal!
A Hell Sentinel comes into view.
You see here a +0 leather armour.
e - a scroll of acquirement
As you read the scroll of revelation, it crumbles to dust.
You feel aware of your surroundings.
You sensed 1 shop/portal.
Aiming: Dig
Press: ? - help, Shift-Dir - straight line A rock wall.
This square is covered in magical glow.
The rock shatters into small pieces.
There is a stone staircase leading down here.
You hear a grinding noise.
You feel yourself speed up.
You hear a grinding noise.
You hear a grinding noise.
You hear a grinding noise.
You hear a grinding noise.
You hear a grinding noise.
You hear a grinding noise.
You recover from your berserk rage.
You hear a grinding noise.
You hear a grinding noise.
Aiming: Dig
Press: ? - help, Shift-Dir - straight line You can't see that place.
The rock shatters into small pieces.
You hear a grinding noise.
Found a sling.
You see here a +0 sling.
Found a scale mail.
There is an empty arch of ancient stone here.
Found a staircase leading out of the dungeon.
There is a staircase leading out of the dungeon here.
You start resting.
A Durgh and a hellion come into view.
You have escaped!

*,,,,,,,,* #.#
*,,,,***** #.#
*,,,,* #.# ******
#.#
#############.###
#...........#...#
##.⌠.⌠.⌠.2.⌠&###.#
###.............##.#
..∩.≈≈≈≈≈≈≈≈≈≈≈.@#.#
###[............##.#
# ##.⌠.⌠.⌠.⌠.⌠.##..#
## #...........#..##
.###############.##
#..### #.........#
###..###.######### #
###.......#
#####.##...#


You could see Durgh and a hellion (wandering).

Vanquished Creatures
  the Royal Jelly (Slime:5)
  Frederick (Crypt:3)
  2 dread liches
  An ancient lich (Vaults:2)
  Mara (Vaults:3)
  4 orbs of fire
  Xtahua (Vaults:3)
  2 pandemonium lords (D:1)
  Boris (Vaults:2)
  7 Killer Klowns
  Margery (Depths:4)
  Nikola (Shoals:3)
  2 golden dragons
  A profane servitor (D:1)
  the Enchantress (Depths:1)
  2 bone dragons
  Zenata (Crypt:3)
  An electric golem (Zot:5)
  2 hellephants
  2 Brimstone Fiends
  2 Hell Sentinels
  A lich (Abyss:3)
  A shard shrike skeleton (Crypt:3)
  5 tentacled monstrosities
  A titan (Vaults:5)
  A deep elf blademaster (Elf:2)
  An Ice Fiend (D:1)
  Asterion (Depths:1)
  3 quicksilver dragons
  19 Orb Guardians
  8 acid blobs (Slime:5)
  The ghost of Pooter the Severer, an adept MiBe of Trog (Elf:1)
  6 death cobs
  A tentacled starspawn (Abyss:2)
  An ancient champion (Vaults:2)
  A sphinx (Vaults:5)
  An Executioner (D:1)
  6 krakens
  3 shadow dragons
  9 storm dragons
  3 tengu reavers
  A protean progenitor (Zot:5)
  A draconian monk (Zot:2)
  A fire giant (Vaults:2)
  5 draconian knights
  6 draconian scorchers
  10 azure jellies
  14 rockslimes
  A demonspawn warmonger (D:1)
  2 deep elf sorcerers
  5 ghost moths
  A balrug (Depths:3)
  16 vault wardens
  2 draconian shifters
  3 frost giants
  A deep elf elementalist (Elf:3)
  5 emperor scorpions
  2 cacodemons
  An angel (Vaults:4)
  4 reapers
  A curse skull (Vaults:2)
  3 draconian stormcallers
  3 spriggan defenders (Depths:1)
  2 orc warlords
  2 broodmothers (Spider:3)
  21 ironbound preservers
  13 quicksilver oozes
  7 very ugly things
  6 ironbound thunderhulks
  6 stone giants
  A formless jellyfish (Vaults:2)
  3 vampire knights
  3 deep elf death magi
  4 deep elf demonologists
  8 purple draconians
  12 dire elephants
  4 white draconians
  2 lorocyprocas
  5 green draconians
  3 black draconians
  2 deep elf annihilators
  2 red draconians (Zot:5)
  3 war gargoyles
  A minotaur (Gauntlet)
  8 spark wasps
  A yellow draconian (Zot:5)
  8 fire dragons
  3 merfolk javelineers
  An eidolon (Crypt:1)
  4 ettins
  2 blizzard demons
  2 jiangshi (Vaults:2)
  9 merfolk impalers
  15 yaktaur captains
  2 crystal guardians (D:15)
  3 entropy weavers
  2 statues (WizLab)
  3 deep elf high priests
  4 great orbs of eyes
  An ice dragon (Depths:1)
  5 rakshasas
  35 vault guards
  A peacekeeper (Vaults:2)
  2 hell beasts (D:1)
  4 hydras
  An alligator (shapeshifter) (Depths:4)
  9 boulder beetles
  4 radroaches
  2 jorogumos
  6 ironbound frosthearts
  3 spriggan air magi
  4 satyrs
  6 centaur warriors
  4 two-headed ogres
  A catoblepas (Lair:4)
  5 merfolk aquamancers
  6 death yaks
  3 merfolk avatars
  A fenstrider witch skeleton (Crypt:2)
  A tengu warrior (Depths:3)
  7 demonic crawlers
  6 deep troll earth magi
  7 deep troll shamans
  The ghost of SirDiesAlot the Toxicologist, a journeyman OpFE of Gozag (Lair:2)
  A vampire mage (Depths:1)
  12 dancing weapons
  2 orc high priests (Orc:2)
  4 thrashing horrors
  A soul eater (D:1)
  A spriggan berserker (Depths:1)
  2 occultists (D:15)
  13 hell knights
  The ghost of Fractals the Skirmisher, a novice KoHu of Gozag (D:9)
  10 deep elf knights
  4 sun demons
  3 skysharks
  6 fire crabs
  6 iron trolls
  A titan skeleton (Crypt:3)
  8 sea snakes
  A sixfirhy (Depths:1)
  Amaemon (Lair:2)
  5 pharaoh ants
  2 skeletal warriors
  A cherub (D:9)
  2 sun moths
  61 deep trolls
  An anaconda zombie (Crypt:3)
  2 mana vipers (Zot:5)
  A shadow demon (D:9)
  7 lindwurms
  An orb spider (Spider:2)
  7 deep elf archers
  A tengu zombie (Vaults:1)
  A glowing orange brain (shapeshifter) (Vaults:5)
  6 glowing orange brains
  4 arcanists
  A spriggan simulacrum (Abyss:3)
  5 steelbarb worms
  6 deep elf zephyrmancers
  7 phantasmal warriors
  11 ironbound convokers
  15 wolf spiders
  17 harpies
  3 orc knights (Vaults:4)
  4 necromancers
  21 ugly things
  An oklob plant (Lair:3)
  5 manticores
  7 orc sorcerers
  2 shining eyes
  A draconian (Abyss:3)
  25 deep elf pyromancers
  4 fauns
  A toenail golem (D:1)
  15 moths of wrath
  5 cyclopes
  A meliai (Spider:4)
  A jorogumo skeleton (Crypt:2)
  A worldbinder (Abyss:3)
  4 smoke demons
  7 black mambas
  9 elephants
  4 molten gargoyles
  3 kobold blastminers (Orc:1)
  A spectral centaur (D:9)
  5 salamanders (D:15)
  Joseph (D:10)
  2 eyes of devastation
  4 torpor snails
  18 vault sentinels
  A centaur zombie (Crypt:3)
  An ice statue (Gauntlet)
  4 merfolk sirens
  2 rust devils (D:1)
  3 orange demons
  8 gargoyles
  11 cane toads
  A kobold demonologist (D:11)
  A hellion (Abyss:3)
  A yellow draconian zombie (Crypt:1)
  An efreet (Abyss:3)
  8 komodo dragons
  An ice devil (D:1)
  5 rime drakes
  35 yaktaurs
  A red devil (D:1)
  6 trolls
  3 tengu conjurers (WizLab)
  A human zombie (Vaults:5)
  A harpy zombie (Crypt:3)
  25 merfolk
  2 hellwings
  5 hornets
  A queen bee (Lair:3)
  2 wind drakes
  A wolf spider simulacrum (D:15)
  14 tarantellas
  6 snapping turtles
  14 polar bears
  25 blink frogs
  An ettin zombie (Crypt:3)
  A dream sheep (Lair:5)
  2 raiju
  A hydra skeleton (Crypt:2)
  43 slime creatures
  A jumping spider (shapeshifter) (Elf:3)
  An air elemental (Elf:1)
  5 jumping spiders
  A spriggan (Depths:1)
  3 vampires (Crypt:3)
  A shadow (D:11)
  A ynoxinul (D:1)
  13 culicivoras
  22 water elementals
  7 small abominations
  5 wraiths
  3 centaur simulacra (D:9)
  2 fire elementals (Elf:1)
  54 yaks
  3 fire bats (Gauntlet)
  A neqoxec (D:1)
  7 wyverns
  A steam dragon (Lair:5)
  4 golden eyes (Slime:3)
  A human (D:14)
  36 redbacks
  3 vampire mosquitoes (D:12)
  Grum (D:11)
  2 death yak simulacra (Lair:4)
  8 basilisks
  A chaos spawn (Abyss:3)
  An acid dragon (D:11)
  A spatial vortex (Abyss:3)
  A glowing shapeshifter skeleton (Vaults:1)
  6 hell hounds
  6 water moccasins
  3 meliai simulacra (D:15)
  An ice beast (D:8)
  13 orc warriors
  2 laughing skulls (Abyss:3)
  A boggart (D:15)
  32 wolves
  5 centaurs
  4 ogres
  2 phantoms (D:6)
  2 kobold brigands
  9 bullfrogs
  3 cane toad simulacra (Lair:4)
  3 gnoll sergeants
  A scorpion (D:5)
  An earth elemental (Elf:2)
  A human skeleton (Vaults:1)
  14 wights
  55 killer bees
  33 nameless horrors
  3 electric eels (Elf:3)
  2 elephant simulacra (Lair:4)
  3 bombardier beetles
  5 lava snakes (Lair:5)
  16 orc priests
  3 sleepcaps
  2 hounds (D:5)
  3 jellies (D:6)
  2 iguanas
  7 starcursed masses (Abyss:3)
  Natasha (twice) (D:2)
  4 hell rats (Lair:5)
  31 orc wizards
  10 gnolls
  6 river rats
  21 adders
  2 shadow imps
  3 white imps
  4 ufetubi
  2 ribbon worms
  5 dart slugs
  40 orcs
  7 endoplasms
  4 giant cockroaches
  6 goblins
  4 hobgoblins
  6 jackals
  12 ball pythons
  7 bats
  4 frilled lizards
  A jackal skeleton (Crypt:1)
  11 kobolds
  28 rats
  7 tentacles
1794 creatures vanquished.

Vanquished Creatures (collateral kills)
  4 dread liches
  A pandemonium lord (Zot:1)
  2 ancient liches
  Vv (Depths:2)
  Sojobo (Vaults:5)
  Boris (twice) (Vaults:1 Vaults:3)
  2 Killer Klowns (Zot:5)
  Bai Suzhen (Vaults:5)
  4 curse toes
  The ghost of Jutoxo the Warmonger, a veteran GnWn of Okawaru (Depths:1)
  11 golden dragons
  A profane servitor (D:1)
  A bone dragon (Depths:4)
  A Tzitzimitl (Zot:1)
  3 Brimstone Fiends
  13 tentacled monstrosities
  11 Orb Guardians
  2 deep elf blademasters (Elf:3)
  7 titans
  5 liches
  10 acid blobs
  3 quicksilver dragons
  2 ancient champions
  2 deep elf master archers (Elf:3)
  An Executioner (Depths:3)
  3 sphinxes
  4 death cobs
  2 tentacled starspawn (Abyss:3)
  Agnes (Spider:2)
  8 tengu reavers
  2 protean progenitors
  5 shadow dragons
  2 revenants (Crypt:2)
  5 storm dragons
  2 rockslimes
  5 frost giants
  A draconian knight (Zot:4)
  4 draconian shifters
  6 fire giants
  4 azure jellies
  3 draconian monks
  6 draconian scorchers
  9 deep elf sorcerers
  3 balrugs
  The ghost of Midpoint the Slicer, an adept VSBr of Dithmenos (Shoals:4)
  10 vault wardens
  A ghost moth (Zot:3)
  7 deep elf elementalists (Elf:3)
  3 reapers (Crypt:2)
  13 very ugly things
  An angel (Vaults:4)
  An orc warlord (Vaults:4)
  2 curse skulls
  3 ghouls (Crypt:1)
  8 ironbound preservers
  5 stone giants
  A draconian annihilator (Depths:4)
  A draconian stormcaller (WizLab)
  4 vampire knights
  5 quicksilver oozes
  5 formless jellyfish
  9 green draconians
  A demonspawn blood saint (D:9)
  9 deep elf death magi
  9 deep elf demonologists
  6 deep elf annihilators (Elf:3)
  3 ironbound thunderhulks (Vaults:4)
  6 dire elephants
  2 war gargoyles
  16 red draconians
  12 purple draconians
  10 white draconians
  7 spark wasps
  4 black draconians
  A blizzard demon (Depths:3)
  2 fire dragons
  5 ettins
  6 merfolk impalers
  5 statues (WizLab)
  8 yellow draconians
  2 merfolk javelineers (Shoals:3)
  2 green deaths
  4 deep elf high priests
  A quicksilver dragon zombie (Crypt:2)
  13 great orbs of eyes
  2 quicksilver dragon skeletons (Crypt:2)
  Josephine (Spider:1)
  3 jiangshi
  5 yaktaur captains
  5 ice dragons
  3 rakshasas
  4 vault guards
  The ghost of SirDiesAlot the Arsonist, a journeyman OpFE of Gozag (Orc:1)
  5 merfolk avatars
  A sphinx zombie (Vaults:1)
  2 spriggan zombies (Crypt:3)
  2 ogre magi
  A fenstrider witch skeleton (Crypt:2)
  2 centaur warriors (Vaults:1)
  2 spriggan air magi (Depths:2)
  7 merfolk aquamancers
  2 death knights
  2 ironbound frosthearts (Vaults:4)
  2 boulder beetles (Spider:3)
  2 satyrs
  A two-headed ogre (shapeshifter) (Vaults:5)
  A death yak (IceCv)
  4 two-headed ogres (Vaults:5)
  A demonic crawler (Spider:4)
  A spriggan skeleton (Crypt:3)
  15 dancing weapons
  6 deep troll shamans
  2 titan zombies
  8 deep troll earth magi
  4 vampire magi
  A hell hog (Depths:4)
  2 tengu warriors
  A thrashing horror (Abyss:3)
  A spriggan berserker (Depths:4)
  10 sun demons (Depths:4)
  3 orc high priests
  2 occultists
  9 deep elf knights
  The ghost of liarliar the Martial Artist, a novice OpSh of Cheibriados (D:8)
  7 iron trolls
  28 hell knights
  5 sea snakes
  A skyshark (shapeshifter) (D:15)
  A spatial maelstrom (Abyss:3)
  2 pharaoh ants
  2 sixfirhies
  An anaconda zombie (Crypt:3)
  2 goliath frogs (Zot:1)
  26 skeletal warriors
  21 deep trolls
  2 large abominations
  5 flayed ghosts
  A mana viper (Zot:5)
  A sun moth (Spider:3)
  A bog body (Crypt:1)
  7 glowing orange brains
  3 lindwurms
  A shadow demon (D:1)
  A spark wasp zombie (Crypt:1)
  5 deep elf archers
  4 orb spiders
  6 phantasmal warriors
  10 necromancers
  2 golden dragon skeletons (Crypt:2)
  4 arcanists
  16 deep elf zephyrmancers
  7 harpies
  7 wolf spiders
  15 ironbound convokers
  17 ugly things
  18 deep elf pyromancers
  An orc sorcerer (D:9)
  2 orc knights
  2 steelbarb worms
  A cyclops (Orc:1)
  A worldbinder (Abyss:2)
  4 manticores
  A faun (shapeshifter) (Vaults:5)
  9 moths of wrath
  11 shining eyes
  7 merfolk sirens
  A draconian (Abyss:3)
  2 jorogumo skeletons
  A kobold blastminer (Orc:1)
  2 fauns (Shoals:3)
  A black mamba (Lair:5)
  A guardian serpent (shapeshifter) (Depths:4)
  2 meliai (Spider:4)
  A rust devil (Depths:1)
  A stone giant skeleton (Crypt:1)
  An apocalypse crab (Abyss:3)
  2 water nymphs (Shoals:2)
  An eye of devastation (shapeshifter) (Depths:2)
  2 eyes of devastation
  10 vault sentinels
  6 smoke demons
  A naga skeleton (Crypt:3)
  17 yaktaurs
  2 hellions (D:1)
  A catoblepas zombie (Crypt:2)
  7 freezing wraiths
  2 ancient zymes (Abyss:3)
  An ice devil (D:1)
  14 tengu conjurers
  A yaktaur skeleton (Vaults:5)
  3 trolls
  2 wind drakes
  12 tarantellas
  2 ettin zombies (Crypt:3)
  27 merfolk
  A hornet (Spider:4)
  A stone giant simulacrum (Vaults:5)
  4 glass eyes
  A harpy skeleton (Crypt:3)
  6 dream sheep (Lair:5)
  3 snapping turtles
  2 blink frogs (Abyss:2)
  17 jumping spiders
  89 slime creatures
  6 culicivoras
  2 air elementals (Elf:3)
  A small abomination (Abyss:2)
  2 shadows (Crypt:3)
  8 water elementals
  6 fire dragon skeletons (Crypt:2)
  A vampire (Crypt:3)
  An elf zombie (Vaults:5)
  A fire elemental (Elf:1)
  A guardian serpent skeleton (Crypt:1)
  8 nameless horrors
  12 wraiths
  A basilisk (shapeshifter) (D:15)
  12 golden eyes
  An alligator snapping turtle simulacrum (Crypt:2)
  4 neqoxecs (Abyss:3)
  22 redbacks
  A spatial vortex (Abyss:3)
  2 naga zombies (Crypt:3)
  2 chaos spawn
  A hell hound (D:14)
  A water moccasin (Lair:5)
  A two-headed ogre skeleton (Crypt:1)
  A hornet zombie (Crypt:2)
  34 laughing skulls
  9 orc warriors
  3 ogres
  A brain worm (Abyss:2)
  A fire crab zombie (Crypt:2)
  A rime drake skeleton (Crypt:2)
  A necrophage (Crypt:1)
  An elf skeleton (Crypt:1)
  5 orc priests
  8 starcursed masses
  6 orc wizards
  A deep dwarf skeleton (Crypt:2)
  A swamp drake skeleton (Crypt:1)
  A shadow imp (Abyss:2)
  An iguana skeleton (Crypt:2)
  11 orcs
  A ball python (D:1)
  A hobgoblin zombie (Crypt:2)
  A kobold (D:1)
  A spectral weapon (Depths:1)
  3 starspawn tentacles (Abyss:3)
1216 creatures vanquished.

Vanquished Creatures (others)
  An electric golem (Zot:5)
  A fire giant (Depths:1)
  A vault warden (Vaults:3)
  A purple draconian (WizLab)
  A deep elf annihilator (Elf:1)
  An ettin (Depths:2)
  A merfolk avatar (Shoals:1)
  2 deep elf knights
  2 deep elf zephyrmancers
  A faun (Shoals:3)
  A tengu conjurer (WizLab)
  An ancient zyme (Abyss:3)
  4 dancing weapons
  2 air elementals (Elf:1)
  A harpy simulacrum (Vaults:1)
  A hell hound (Lair:5)
  3 nameless horrors
  145 blazeheart cores
  A lurking horror (Abyss:3)
  44 snaplasher vines
  2 spectral weapons (Depths:1)
  3 starspawn tentacles (Abyss:3)
  46 tentacles
266 creatures vanquished.

Grand Total: 3276 creatures vanquished

Notes
Turn   | Place    | Note
-------+----------+-------------------------------------------
     0 | D:5      | gdog the Gnoll Delver began the quest for the Orb.
     0 | D:5      | Reached XP level 1. HP: 23/23 MP: 1/1
     6 | D:5      | Noticed a hound
    29 | D:5      | Noticed a bombardier beetle
    34 | D:5      | Killed a hound
    35 | D:5      | Reached XP level 2. HP: 6/29 MP: 1/3
    35 | D:5      | Reached XP level 3. HP: 7/35 MP: 1/4
   142 | D:6      | Noticed a centaur
   143 | D:6      | Killed a centaur
   144 | D:6      | Reached skill level 1 in Long Blades
   144 | D:6      | Reached skill level 1 in Axes
   144 | D:6      | Reached skill level 1 in Maces & Flails
   144 | D:6      | Reached skill level 1 in Polearms
   144 | D:6      | Reached skill level 1 in Staves
   144 | D:6      | Reached skill level 1 in Ranged Weapons
   144 | D:6      | Reached skill level 1 in Throwing
   144 | D:6      | Reached skill level 1 in Armour
   144 | D:6      | Reached skill level 1 in Shields
   144 | D:6      | Reached skill level 1 in Unarmed Combat
   144 | D:6      | Reached skill level 1 in Spellcasting
   144 | D:6      | Reached skill level 1 in Conjurations
   144 | D:6      | Reached skill level 1 in Hexes
   144 | D:6      | Reached skill level 1 in Summonings
   144 | D:6      | Reached skill level 1 in Necromancy
   144 | D:6      | Reached skill level 1 in Translocations
   144 | D:6      | Reached skill level 1 in Fire Magic
   144 | D:6      | Reached skill level 1 in Ice Magic
   144 | D:6      | Reached skill level 1 in Air Magic
   144 | D:6      | Reached skill level 1 in Earth Magic
   144 | D:6      | Reached skill level 1 in Alchemy
   144 | D:6      | Reached skill level 1 in Invocations
   144 | D:6      | Reached skill level 1 in Evocations
   144 | D:6      | Reached skill level 1 in Shapeshifting
   144 | D:6      | Reached XP level 4. HP: 40/41 MP: 5/5
   153 | D:6      | Found a glowing drain.
   182 | D:6      | Reached XP level 5. HP: 43/47 MP: 5/7
   211 | Sewer    | Entered a sewer
   814 | Sewer    | Reached XP level 6. HP: 49/53 MP: 8/8
  1100 | Sewer    | Reached skill level 5 in Short Blades
  1100 | Sewer    | Reached skill level 5 in Dodging
  1504 | D:6      | Found a burning altar of Makhleb.
  1529 | D:6      | Noticed a water moccasin
  1553 | D:6      | Killed a water moccasin
  1554 | D:6      | Reached XP level 7. HP: 48/60 MP: 10/10
  2115 | D:6      | Reached skill level 10 in Stealth
  2295 | D:5      | Found Qoppoofi's Assorted Antiques.
  2449 | D:5      | Bought a scroll labelled WUAROT AMEFF for 32 gold pieces
  2729 | D:4      | Noticed a steam dragon
  2759 | D:4      | Found a shadowy altar of Dithmenos.
  2850 | D:3      | Found Soyd's Distillery.
  3130 | D:2      | Found a sacrificial altar of Ru.
  3134 | D:2      | Noticed Natasha
  3136 | D:2      | Killed Natasha
  3137 | D:2      | Reached XP level 8. HP: 67/67 MP: 12/12
  3163 | D:2      | Noticed Natasha
  3178 | D:2      | Killed Natasha
  3278 | D:2      | Found a faded altar of an unknown god.
  3288 | D:2      | Prayed at the altar of an unknown god.
  3288 | D:2      | Became a worshipper of Elyvilon the Healer
  3288 | D:2      | Reached * piety under Elyvilon
  3581 | D:3      | Found a sparkling altar of Nemelex Xobeh.
  4194 | D:4      | Found an ancient bone altar of Kikubaaqudgha.
  4402 | D:5      | Found a staircase to the Ecumenical Temple.
  4678 | D:5      | Bought a lumpy pink potion for 28 gold pieces
  4678 | D:5      | Bought a glowing sapphire potion for 28 gold pieces
  4678 | D:5      | Bought 2 fuming dark potions for 57 gold pieces
  4714 | D:5      | Identified the +1 robe of Tuitte {rC+ Int-5 Dex+2}
  4719 | D:5      | Reached ** piety under Elyvilon
  4931 | D:6      | Found Loyschen's Mass Market.
  4998 | D:6      | Found a glowing silver altar of Zin.
  5289 | D:6      | Found a shimmering altar of Xom.
  5798 | D:7      | Reached skill level 6 in Dodging
  6525 | D:7      | Reached XP level 9. HP: 69/73 MP: 14/14
  6730 | D:7      | Found Seex's Tremendous Tomes.
  7728 | D:4      | Found an iron altar of Okawaru.
  7800 | D:4      | Found a bloodstained altar of Trog.
  7947 | D:4      | Found a stormy altar of Qazlal.
  7964 | D:4      | Reached *** piety under Elyvilon
  8662 | D:8      | Found a runed translucent gate.
  8662 | D:8      | Found a runed translucent gate.
  8662 | D:8      | Found a runed translucent gate.
  8662 | D:8      | Noticed liarliar's ghost (novice OpSh)
  8791 | D:8      | Reached skill level 5 in Invocations
  9218 | D:8      | Noticed a hornet
  9229 | D:8      | Learned a level 3 spell: Dazzling Flash
  9233 | D:8      | Learned a level 3 spell: Inner Flame
  9237 | D:8      | Learned a level 3 spell: Swiftness
  9253 | D:8      | Identified a scroll of acquirement
  9253 | D:8      | Acquired the scarf of Golden Music {rC+ rF+, rElec Will++
                  | Str-2 SInv}
  9646 | D:8      | Killed a hornet
  9647 | D:8      | Reached skill level 5 in Long Blades
  9647 | D:8      | Reached skill level 5 in Axes
  9647 | D:8      | Reached skill level 5 in Maces & Flails
  9647 | D:8      | Reached skill level 5 in Polearms
  9647 | D:8      | Reached skill level 5 in Staves
  9647 | D:8      | Reached skill level 5 in Ranged Weapons
  9647 | D:8      | Reached skill level 5 in Throwing
  9647 | D:8      | Reached skill level 5 in Armour
  9647 | D:8      | Reached skill level 5 in Shields
  9647 | D:8      | Reached skill level 5 in Unarmed Combat
  9647 | D:8      | Reached skill level 5 in Spellcasting
  9647 | D:8      | Reached skill level 5 in Evocations
  9647 | D:8      | Reached XP level 10. HP: 63/81 MP: 4/17
  9951 | D:8      | Found a shimmering blue altar of Sif Muna.
  9951 | D:8      | Found a radiant altar of Vehumet.
 10139 | D:8      | Killed liarliar's ghost
 10140 | D:8      | Reached skill level 7 in Dodging
 10549 | D:9      | Found a runed translucent gate.
 10549 | D:9      | Found a runed translucent gate.
 10549 | D:9      | Found a runed translucent gate.
 10550 | D:9      | Noticed a spectral centaur warrior
 10550 | D:9      | Noticed Fractals's ghost (novice KoHu)
 10608 | D:9      | Reached **** piety under Elyvilon
 10675 | D:9      | Found a hide-covered altar of Uskayaw.
 10692 | D:9      | Found a staircase to the Orcish Mines.
 10692 | D:9      | Found Peotoh's Armour Shop.
 10714 | D:9      | Reached skill level 5 in Shapeshifting
 10891 | D:9      | Bought a +1 buckler of protection for 231 gold pieces
 11561 | D:9      | Found a snail-covered altar of Cheibriados.
 12119 | D:10     | Entered Level 10 of the Dungeon
 12119 | D:10     | Noticed a two-headed ogre
 12233 | D:10     | Killed a two-headed ogre
 12329 | D:10     | Noticed a cyclops
 12337 | D:10     | Killed a cyclops
 12338 | D:10     | Reached skill level 5 in Conjurations
 12338 | D:10     | Reached skill level 5 in Hexes
 12338 | D:10     | Reached skill level 5 in Summonings
 12338 | D:10     | Reached skill level 5 in Necromancy
 12338 | D:10     | Reached skill level 5 in Translocations
 12338 | D:10     | Reached skill level 5 in Fire Magic
 12338 | D:10     | Reached skill level 5 in Ice Magic
 12338 | D:10     | Reached skill level 5 in Air Magic
 12338 | D:10     | Reached skill level 5 in Earth Magic
 12338 | D:10     | Reached skill level 5 in Alchemy
 12342 | D:10     | Reached XP level 11. HP: 89/89 MP: 13/20
 12405 | D:10     | Identified the +8 short sword of Chaos {drain, SInv}
 12771 | D:10     | Noticed Joseph
 12790 | D:10     | Killed Joseph
 13218 | D:11     | Reached skill level 8 in Dodging
 13252 | D:11     | Reached ***** piety under Elyvilon
 13272 | D:11     | Noticed a two-headed ogre
 13315 | D:11     | Killed a two-headed ogre
 13318 | D:11     | Noticed Grum
 13355 | D:11     | Killed Grum
 13655 | D:11     | Found Dyzxely's Self-Improvement Boutique.
 13711 | D:11     | Found a staircase to the Lair.
 13712 | D:11     | Noticed a white ugly thing
 13715 | D:11     | Noticed a red ugly thing
 13737 | D:11     | Killed a red ugly thing
 13745 | D:11     | Killed a red ugly thing
 14166 | D:11     | Noticed a boulder beetle
 14177 | D:11     | Killed a boulder beetle
 14178 | D:11     | Reached XP level 12. HP: 39/97 MP: 19/22
 14884 | D:12     | Noticed a two-headed ogre
 14886 | D:12     | Killed a two-headed ogre
 15239 | D:12     | Reached skill level 10 in Fighting
 15488 | D:12     | Found Kiwko's Book Shop.
 15498 | D:12     | Learned a level 5 spell: Yara's Violent Unravelling
 16227 | D:13     | Found a sacrificial altar of Ru.
 16364 | D:13     | Noticed a centaur warrior
 16368 | D:13     | Killed a centaur warrior
 16369 | D:13     | Reached skill level 9 in Dodging
 16545 | D:13     | Found Kom Juut's Antique Armour Emporium.
 16727 | Lair:1   | Entered Level 1 of the Lair of Beasts
 18376 | Lair:1   | Learned a level 4 spell: Flame Wave
 18553 | Lair:2   | Found a runed translucent gate.
 18556 | Lair:2   | Identified the +3 leather armour of the Ditch-Digger
                  | {Str+3}
 18561 | Lair:2   | Found a runed translucent gate.
 18561 | Lair:2   | Found a runed translucent gate.
 18564 | Lair:2   | Noticed SirDiesAlot's ghost (journeyman OpFE)
 18635 | Lair:2   | Reached XP level 13. HP: 100/104 MP: 14/25
 19016 | Lair:2   | Found a staircase to the Shoals.
 19188 | Lair:2   | Found a hole to the Spider Nest.
 19426 | Lair:2   | Noticed Amaemon
 19442 | Lair:2   | Killed Amaemon
 20076 | Lair:3   | Reached ****** piety under Elyvilon
 20764 | Lair:3   | Identified the +0 robe of Polish {Int+4}
 22193 | Lair:4   | Reached skill level 10 in Short Blades
 22193 | Lair:4   | Reached skill level 10 in Dodging
 22206 | Lair:4   | Found a frozen archway.
 22524 | IceCv    | Entered an ice cave
 22653 | IceCv    | Learned a level 3 spell: Tukima's Dance
 23336 | IceCv    | Identified the +2 dagger "Hotwe" {freeze, ^Fragile Str+3
                  | Stlth+}
 23455 | IceCv    | Reached XP level 14. HP: 105/113 MP: 27/27
 23495 | IceCv    | Reached skill level 10 in Invocations
 24261 | IceCv    | Noticed a frost giant
 24267 | IceCv    | Was placed under penance by Elyvilon
 24288 | IceCv    | Killed a frost giant
 25547 | Lair:5   | Entered Level 5 of the Lair of Beasts
 25547 | Lair:5   | Found a staircase to the Slime Pits.
 27354 | Lair:5   | Reached skill level 11 in Dodging
 27463 | Lair:5   | Reached skill level 10 in Long Blades
 27463 | Lair:5   | Reached skill level 10 in Axes
 27463 | Lair:5   | Reached skill level 10 in Maces & Flails
 27463 | Lair:5   | Reached skill level 10 in Polearms
 27463 | Lair:5   | Reached skill level 10 in Staves
 27463 | Lair:5   | Reached skill level 10 in Ranged Weapons
 27463 | Lair:5   | Reached skill level 10 in Throwing
 27463 | Lair:5   | Reached skill level 10 in Armour
 27463 | Lair:5   | Reached skill level 10 in Shields
 27463 | Lair:5   | Reached skill level 10 in Unarmed Combat
 27463 | Lair:5   | Reached skill level 10 in Spellcasting
 27463 | Lair:5   | Reached skill level 10 in Evocations
 27575 | Lair:5   | Reached XP level 15. HP: 97/120 MP: 3/29
 27906 | Lair:5   | Found a large runed translucent door.
 27913 | Lair:5   | Found a large runed translucent door.
 28900 | Orc:1    | Entered Level 1 of the Orcish Mines
 29011 | D:7      | Bought the Quarto of Deathly Rallying for 1008 gold pieces
 29017 | D:7      | Learned a level 5 spell: Summon Mana Viper
 29022 | D:7      | Learned a level 4 spell: Summon Lightning Spire
 29027 | D:7      | Learned a level 4 spell: Summon Blazeheart Golem
 29932 | Orc:1    | Found a runed translucent gate.
 29932 | Orc:1    | Found a runed translucent gate.
 29933 | Orc:1    | Found a runed translucent gate.
 29933 | Orc:1    | Noticed SirDiesAlot's ghost (journeyman OpFE)
 31148 | Orc:1    | Found a shimmering blue altar of Sif Muna.
 31297 | Orc:1    | Killed SirDiesAlot's ghost
 31489 | Orc:2    | Entered Level 2 of the Orcish Mines
 31490 | Orc:2    | Found a gate leading to a gauntlet.
 31510 | Gauntlet | Entered a Gauntlet
 31510 | Gauntlet | Found a transporter.
 31518 | Gauntlet | Found a transporter.
 31520 | Gauntlet | Found a transporter.
 31522 | Gauntlet | Found a transporter.
 31652 | Gauntlet | Found a transporter.
 31654 | Gauntlet | Found a transporter.
 31669 | Gauntlet | Found a transporter.
 31678 | Gauntlet | Found a transporter.
 31686 | Gauntlet | Found a transporter.
 31701 | Gauntlet | Found a transporter.
 31720 | Gauntlet | Found a transporter.
 31735 | Gauntlet | Found a large runed translucent door.
 31736 | Gauntlet | Found a large runed translucent door.
 31737 | Gauntlet | Found a large runed translucent door.
 31737 | Gauntlet | Found a large runed translucent door.
 31738 | Gauntlet | Found a runed translucent gate.
 31739 | Gauntlet | Found a transporter.
 31739 | Gauntlet | Found a runed translucent gate.
 31740 | Gauntlet | Found a runed translucent gate.
 31740 | Gauntlet | Found a large runed translucent door.
 31740 | Gauntlet | Found a large runed translucent door.
 31740 | Gauntlet | Found a runed translucent door.
 31740 | Gauntlet | Found a runed translucent door.
 31741 | Gauntlet | Found a large runed translucent door.
 31742 | Gauntlet | Found a large runed translucent door.
 31747 | Gauntlet | Found a large runed translucent door.
 31747 | Gauntlet | Found a large runed translucent door.
 31748 | Gauntlet | Found a large runed translucent door.
 31749 | Gauntlet | Found a large runed translucent door.
 31757 | Gauntlet | Found a transporter.
 31758 | Gauntlet | Found a large runed translucent door.
 31758 | Gauntlet | Found a large runed translucent door.
 31759 | Gauntlet | Found a large runed translucent door.
 31760 | Gauntlet | Found a large runed translucent door.
 31783 | Gauntlet | Found a transporter.
 31788 | Gauntlet | Found a transporter.
 31823 | Gauntlet | Found a transporter.
 31829 | Gauntlet | Found a transporter.
 31878 | Gauntlet | Found a transporter.
 32044 | Gauntlet | Identified the +1 pair of boots "Geotezon" {Int+2}
 32413 | Gauntlet | Identified the +3 pair of gloves of Sucyotzo {rCorr Int+3
                  | Stlth+}
 32456 | Gauntlet | Identified the +3 chain mail of the Seven Olives {rF+ rC-
                  | Int+3}
 32493 | Gauntlet | Identified the +0 scimitar of the Disbelieving Dove {spect,
                  | +Blink rPois Int-5 Dex+7}
 32547 | Orc:2    | Found a bloodstained altar of Trog.
 32877 | Orc:2    | Found Johu's Armour Emporium.
 32878 | Orc:2    | Found Pyasaraa's General Store.
 32879 | Orc:2    | Found Gaem's Antique Weapon Shoppe.
 32882 | Orc:2    | Found Pemun's Jewellery Emporium.
 33194 | Orc:2    | Bought a potion of invisibility for 104 gold pieces
 33194 | Orc:2    | Bought a wand of quicksilver (3) for 163 gold pieces
 33364 | Orc:2    | Found a staircase to the Elven Halls.
 33617 | Elf:1    | Entered Level 1 of the Elven Halls
 33977 | D:13     | Was forgiven by Elyvilon
 34036 | D:13     | Found Daiwaeho's General Store.
 34047 | D:13     | Bought a potion of heal wounds for 60 gold pieces
 34078 | D:13     | Found Kibbutsi's Distillery.
 34083 | D:13     | Bought a potion of heal wounds for 65 gold pieces
 34083 | D:13     | Bought a potion of might for 52 gold pieces
 34083 | D:13     | Bought a potion of invisibility for 104 gold pieces
 34083 | D:13     | Bought a potion of heal wounds for 65 gold pieces
 34323 | D:13     | Found Vaamm's Weapon Boutique.
 35430 | D:14     | Found a gate to the Vaults.
 35447 | D:14     | Reached skill level 10 in Shapeshifting
 35783 | D:15     | Entered Level 15 of the Dungeon
 35800 | D:15     | Reached XP level 16. HP: 126/129 MP: 26/30
 36190 | D:15     | Reached skill level 12 in Dodging
 36250 | D:15     | Identified the +11 quarterstaff of Massacring {antimagic,
                  | rPois Will+ rCorr}
 36486 | D:15     | Found a staircase to the Depths.
 37420 | D:15     | Identified the staff "Ucuil" {rN+ Str+3 Ice Earth}
 37572 | D:15     | Upgraded the game from 0.31-a0-1549-g5ff9445e89 to
                  | 0.31-a0-1570-g93c622d222
 37761 | Lair:2   | Killed SirDiesAlot's ghost
 38157 | D:9      | Killed Fractals's ghost
 38320 | D:3      | Bought a potion of invisibility for 112 gold pieces
 38595 | Spider:1 | Entered Level 1 of the Spider Nest
 39258 | Spider:1 | Noticed Josephine
 39281 | Spider:1 | Killed Josephine
 40250 | Spider:2 | Noticed Agnes
 40291 | Spider:2 | Killed Agnes
 40591 | Spider:2 | Reached XP level 17. HP: 137/137 MP: 27/32
 41067 | Spider:2 | Reached skill level 10 in Conjurations
 41067 | Spider:2 | Reached skill level 10 in Hexes
 41067 | Spider:2 | Reached skill level 10 in Summonings
 41067 | Spider:2 | Reached skill level 10 in Necromancy
 41067 | Spider:2 | Reached skill level 10 in Translocations
 41067 | Spider:2 | Reached skill level 10 in Fire Magic
 41067 | Spider:2 | Reached skill level 10 in Ice Magic
 41067 | Spider:2 | Reached skill level 10 in Air Magic
 41067 | Spider:2 | Reached skill level 10 in Earth Magic
 41067 | Spider:2 | Reached skill level 10 in Alchemy
 41866 | Spider:3 | Reached skill level 15 in Stealth
 43160 | Spider:3 | Reached skill level 13 in Dodging
 43639 | Spider:4 | Entered Level 4 of the Spider Nest
 45523 | Spider:4 | Reached XP level 18. HP: 145/145 MP: 24/34
 46118 | Spider:4 | Was placed under penance by Elyvilon
 46447 | Spider:4 | Found the +3 hat of Pondering {ponderous, Will+ MP+10
                  | Int+5}
 46689 | Spider:4 | Reached XP level 19. HP: 152/152 MP: 35/35
 46702 | Spider:4 | Got a gossamer rune of Zot
 47030 | Shoals:1 | Entered Level 1 of the Shoals
 47800 | Shoals:1 | Was forgiven by Elyvilon
 47822 | Shoals:1 | Identified the +2 pair of boots "Emafuq" {rC++ rCorr}
 48271 | Shoals:2 | Was placed under penance by Elyvilon
 49009 | Shoals:2 | Was forgiven by Elyvilon
 49739 | Shoals:3 | Identified the +8 sling "Nakkippu" {freeze, Str+4}
 50140 | Shoals:3 | Reached skill level 14 in Dodging
 50215 | Shoals:3 | Noticed Nikola
 50292 | Shoals:3 | Killed Nikola
 51191 | Shoals:3 | Found the ring of the Hare {EV+10}
 51356 | Shoals:3 | Reached XP level 20. HP: 112/161 MP: 32/37
 51915 | Shoals:4 | Entered Level 4 of the Shoals
 52009 | Shoals:4 | Found a runed translucent door.
 52009 | Shoals:4 | Noticed Midpoint's ghost (adept VSBr)
 52571 | Shoals:4 | Reached skill level 15 in Fighting
 53049 | Shoals:3 | Identified the ring "Merep" {Ice rN+}
 53692 | Shoals:4 | Identified the amulet "Ynaureyn" {RegenMP Harm Will-
                  | Regen+}
 54013 | Shoals:4 | Got a barnacled rune of Zot
 54028 | Shoals:4 | Identified the amulet "Evveu" {Spirit Int+3}
 54042 | Shoals:4 | Reached skill level 15 in Invocations
 54323 | Shoals:4 | Killed Midpoint's ghost
 54794 | Vaults:1 | Entered Level 1 of the Vaults
 54802 | Vaults:1 | Identified the +6 whip of Anguish {flame, rF+ rCorr}
 54835 | Vaults:1 | Noticed Boris
 54866 | Vaults:1 | Killed Boris
 55075 | Vaults:1 | Learned a level 4 spell: Vhi's Electric Charge
 55154 | Vaults:1 | Found a portal to a secret trove of treasure.
 56146 | Vaults:1 | Reached XP level 21. HP: 53/169 MP: 5/39
 56936 | Vaults:1 | Found Neduhoi's Magic Scroll Shop.
 56946 | Vaults:1 | Bought a scroll of teleportation for 63 gold pieces
 56946 | Vaults:1 | Bought a scroll of enchant weapon for 157 gold pieces
 56946 | Vaults:1 | Bought a scroll of revelation for 157 gold pieces
 56946 | Vaults:1 | Bought a scroll of enchant weapon for 157 gold pieces
 57452 | D:11     | Bought a manual of Dodging for 800 gold pieces
 57912 | Vaults:2 | Reached skill level 15 in Dodging
 57979 | Vaults:2 | Found Laynik's General Store.
 58030 | Vaults:2 | Found a transporter.
 58033 | Vaults:2 | Noticed an ancient lich
 58036 | Vaults:2 | Noticed Tonberry's ghost (adept DgCj)
 58036 | Vaults:2 | Noticed Ruxt's ghost (adept MiFi)
 58089 | Vaults:2 | Found a transporter.
 58321 | Vaults:2 | Reached skill level 15 in Short Blades
 58601 | Vaults:2 | Found a staircase to the Crypt.
 58946 | Vaults:2 | Noticed Boris
 59002 | Vaults:2 | Killed Boris
 61529 | Vaults:2 | Bought a potion of invisibility for 128 gold pieces
 61529 | Vaults:2 | Bought a scroll of teleportation for 48 gold pieces
 61600 | Vaults:2 | Killed an ancient lich
 61795 | Vaults:3 | Noticed Mara
 61800 | Vaults:3 | Noticed gdog's illusion
 61808 | Vaults:3 | Killed Mara
 61939 | Vaults:3 | Found Tiweoze's Distillery.
 61946 | Vaults:3 | Found a flickering gateway to a bazaar.
 61970 | Bazaar   | Entered a bazaar
 62130 | Bazaar   | Found Matasmed's Antique Weapon Shop.
 62133 | Bazaar   | Found Vukotamn's Distillery.
 62151 | Bazaar   | Found Nasmisem's Antique Weapon Shoppe.
 62151 | Bazaar   | Found Xyoz's Book Emporium.
 62156 | Bazaar   | Found Juvoa's Distillery.
 62181 | Bazaar   | Found Doass's Antique Weapon Boutique.
 62229 | Bazaar   | Bought a potion of haste for 140 gold pieces
 62268 | Bazaar   | Bought a potion of magic for 72 gold pieces
 62285 | Vaults:3 | Identified the +1 chain mail of Hopscotch {Dex+5}
 62388 | Vaults:3 | Reached skill level 16 in Dodging
 62739 | Vaults:3 | Reached XP level 22. HP: 175/178 MP: 35/40
 62811 | Vaults:3 | Was placed under penance by Elyvilon
 63215 | Vaults:3 | Reached skill level 15 in Long Blades
 63215 | Vaults:3 | Reached skill level 15 in Axes
 63215 | Vaults:3 | Reached skill level 15 in Maces & Flails
 63215 | Vaults:3 | Reached skill level 15 in Polearms
 63215 | Vaults:3 | Reached skill level 15 in Staves
 63215 | Vaults:3 | Reached skill level 15 in Ranged Weapons
 63215 | Vaults:3 | Reached skill level 15 in Throwing
 63215 | Vaults:3 | Reached skill level 15 in Armour
 63215 | Vaults:3 | Reached skill level 15 in Shields
 63215 | Vaults:3 | Reached skill level 15 in Unarmed Combat
 63215 | Vaults:3 | Reached skill level 15 in Spellcasting
 63215 | Vaults:3 | Reached skill level 15 in Evocations
 63285 | Vaults:3 | Noticed Xtahua
 63325 | Vaults:3 | Killed Xtahua
 63842 | Vaults:3 | Paralysed by a formless jellyfish for 1 turns
 64093 | Vaults:3 | Noticed Boris
 64126 | Vaults:3 | Killed Boris
 64446 | Vaults:3 | Was forgiven by Elyvilon
 65501 | Vaults:4 | Found a white marble altar of Elyvilon.
 65831 | Vaults:4 | Found a glowing golden altar of the Shining One.
 65959 | Vaults:4 | Reached skill level 17 in Dodging
 66523 | Vaults:4 | Found a glowing silver altar of Zin.
 67220 | Vaults:4 | Reached XP level 23. HP: 176/186 MP: 38/42
 67761 | Depths:1 | Entered Level 1 of the Depths
 67855 | Depths:1 | Learned a level 7 spell: Summon Hydra
 68116 | Depths:1 | Noticed Asterion
 68127 | Depths:1 | Found a one-way gateway to a ziggurat.
 68407 | Depths:1 | Found a large runed translucent door.
 68407 | Depths:1 | Found a large runed translucent door.
 68409 | Depths:1 | Noticed Jutoxo's ghost (veteran GnWn)
 68528 | Depths:1 | Killed Asterion
 68543 | Depths:1 | Found a one-way gate leading to the halls of Pandemonium.
 68977 | Depths:1 | Found a gateway to Hell.
 69127 | Depths:1 | Noticed the Enchantress
 69135 | Depths:1 | Was placed under penance by Elyvilon
 69139 | Depths:1 | Killed the Enchantress
 69770 | Depths:1 | Found an ancient bone altar of Kikubaaqudgha.
 70465 | Depths:2 | Reached skill level 18 in Dodging
 71200 | Depths:2 | Found an ornate altar of the Wu Jian Council.
 71395 | Depths:2 | Identified the ring of Morality {rElec rF+ Str+2}
 71614 | Depths:2 | Noticed Vv
 71708 | Depths:2 | HP: 7/188 [glowing orange brain/psychic fangs (14)]
 72199 | Depths:1 | Killed Jutoxo's ghost
 72204 | Depths:1 | Identified the +1 leather armour of Fashionability {Dex+4}
 72205 | Depths:1 | Identified the ring of Oruust {MP+9 Dex+6}
 73032 | Depths:2 | Found a shimmering altar of Xom.
 73032 | Depths:2 | Found a hide-covered altar of Uskayaw.
 73034 | Depths:2 | Found a hide-covered altar of Uskayaw.
 73034 | Depths:2 | Found a glowing golden altar of the Shining One.
 73213 | Depths:2 | Identified the +7 hand axe "Westridi" {flame, Str+3 Dex+3}
 73229 | Depths:2 | Got Roxanne's Incunabulum of Terra Firma
 73961 | Elf:1    | Reached skill level 15 in Shapeshifting
 74703 | Elf:1    | Reached XP level 24. HP: 158/195 MP: 17/43
 74894 | Elf:1    | Found a runed translucent gate.
 74895 | Elf:1    | Found a runed translucent gate.
 74896 | Elf:1    | Found a runed translucent gate.
 74897 | Elf:1    | Noticed Pooter's ghost (adept MiBe)
 75234 | Elf:2    | Was forgiven by Elyvilon
 75537 | Elf:2    | Learned a level 5 spell: Arcjolt
 76308 | Elf:2    | Found a runed translucent gate.
 76331 | Elf:2    | Found a runed translucent gate.
 76335 | Elf:2    | Found a runed translucent gate.
 77735 | Elf:3    | Entered Level 3 of the Elven Halls
 77875 | Elf:3    | Reached skill level 19 in Dodging
 78554 | Elf:3    | Identified the +8 great sword of the Fray {freeze, rC+
                  | Int+3 Dex+3 Stlth+}
 79004 | Elf:3    | Upgraded the game from 0.31-a0-1570-g93c622d222 to
                  | 0.31-a0-1576-ga3383bade6
 80553 | Abyss:2  | Cast into level 2 of the Abyss (+0 long sword of
                  | distortion)
 80886 | Abyss:2  | Found a corrupted altar of Lugonu.
 80886 | Abyss:2  | Found a corrupted altar of Lugonu.
 80886 | Abyss:2  | Found a corrupted altar of Lugonu.
 80937 | Abyss:2  | Found a corrupted altar of Lugonu.
 80966 | Abyss:2  | Found a corrupted altar of Lugonu.
 80966 | Abyss:2  | Found a corrupted altar of Lugonu.
 81098 | Abyss:3  | Got the Directory of Evolution
 81100 | Abyss:3  | Got the Vellum of the Atmosphere
 81103 | Abyss:3  | Found a corrupted altar of Lugonu.
 81115 | Abyss:3  | Got Deuck's Reference Book on Firn
 81252 | Abyss:3  | Found a corrupted altar of Lugonu.
 81302 | Abyss:3  | Found a corrupted altar of Lugonu.
 81487 | Abyss:3  | Noticed a dread lich
 81516 | Abyss:3  | Killed a dread lich
 81569 | Abyss:3  | Noticed a dread lich
 81598 | Abyss:3  | Gained mutation: Your health recovers twice as slowly from
                  | being drained. [a cacodemon]
 81768 | Elf:3    | Escaped the Abyss
 82283 | Elf:3    | Identified the +4 morningstar of the Hungering Seeker
                  | {flame, rF- Will+ Int+5}
 82312 | Elf:3    | Lost mutation: Your health recovers twice as slowly from
                  | being drained. [potion of mutation]
 82312 | Elf:3    | Gained mutation: You are vulnerable to cold. (rC-) [potion
                  | of mutation]
 82312 | Elf:3    | Gained mutation: Your muscles are strong. (Str +4, Int/Dex
                  | -1) [potion of mutation]
 82313 | Elf:3    | Lost mutation: Your muscles are strong. (Str +4, Int/Dex
                  | -1) [potion of mutation]
 82313 | Elf:3    | Lost mutation: You are vulnerable to cold. (rC-) [potion of
                  | mutation]
 82313 | Elf:3    | Gained mutation: You have a pair of small antennae on your
                  | head. [potion of mutation]
 82313 | Elf:3    | Gained mutation: You are partially covered in iridescent
                  | scales. (AC +2) [potion of mutation]
 82313 | Elf:3    | Gained mutation: You possess an exceptional clarity of
                  | mind. [potion of mutation]
 82313 | Elf:3    | Gained mutation: Your muscles are strong. (Str +4, Int/Dex
                  | -1) [potion of mutation]
 83113 | Elf:3    | Identified the +0 ring mail of the Boiling Point {MP+9}
 83152 | Elf:3    | Got the Secrets of Energetic Production
 83257 | Elf:3    | Got Ganoimaf's Volume of Spectral Immolation
 83259 | Elf:3    | Identified the staff of Arhuur {rPois Int+2 Alchemy}
 83491 | Elf:3    | Found Rucraol's General Store.
 83497 | Elf:3    | Bought a scroll of teleportation for 51 gold pieces
 83497 | Elf:3    | Bought a potion of berserk rage for 85 gold pieces
 83724 | Elf:3    | Identified the +1 leather armour of Life {Str+3 Int+3}
 84055 | Elf:1    | Learned a level 5 spell: Summon Forest
 84098 | Elf:1    | Reached XP level 25. HP: 204/204 MP: 23/43
 84107 | Elf:1    | Killed Pooter's ghost
 84581 | Elf:1    | Identified the +2 cloak "Ruyrofix" {Str+2 Dex+4}
 84584 | Elf:1    | Got the Grimoire of the Wasteland
 85065 | Depths:2 | Killed Vv
 85461 | Depths:3 | Found a one-way gate to the infinite horrors of the Abyss.
 85637 | Depths:3 | Found Tidiar's Distillery.
 85643 | Depths:3 | Found Plog's Magic Scroll Shoppe.
 85645 | Depths:3 | Bought a potion of might for 76 gold pieces
 85645 | Depths:3 | Bought a potion of haste for 190 gold pieces
 85651 | Depths:3 | Bought a scroll of blinking for 172 gold pieces
 85651 | Depths:3 | Bought a scroll of blinking for 172 gold pieces
 86402 | Depths:3 | Reached skill level 20 in Dodging
 86469 | Depths:3 | Found a burning altar of Makhleb.
 86492 | Depths:3 | Identified the staff of Fufa {rPois Str-4 Conj Summ}
 87143 | Depths:3 | Found Wurougha's Distillery.
 87151 | Depths:3 | Bought a potion of haste for 130 gold pieces
 87603 | Depths:4 | Entered Level 4 of the Depths
 87603 | Depths:4 | Found a burning altar of Makhleb.
 87603 | Depths:4 | Found Bapivia's Evil Emporium.
 87877 | Depths:4 | Lost mutation: Your muscles are strong. (Str +4, Int/Dex
                  | -1) [a shining eye]
 87877 | Depths:4 | Gained mutation: You are vulnerable to heat. (rF-) [a
                  | shining eye]
 87894 | Depths:4 | Gained mutation: You occasionally shout uncontrollably at
                  | your foes. [a shining eye]
 88549 | Depths:4 | Found a gate to the Realm of Zot.
 88872 | Depths:4 | Noticed Margery
 88893 | Depths:4 | Killed Margery
 88904 | Depths:4 | Reached skill level 15 in Conjurations
 88904 | Depths:4 | Reached skill level 15 in Hexes
 88904 | Depths:4 | Reached skill level 15 in Summonings
 88904 | Depths:4 | Reached skill level 15 in Necromancy
 88904 | Depths:4 | Reached skill level 15 in Translocations
 88904 | Depths:4 | Reached skill level 15 in Fire Magic
 88904 | Depths:4 | Reached skill level 15 in Ice Magic
 88904 | Depths:4 | Reached skill level 15 in Air Magic
 88904 | Depths:4 | Reached skill level 15 in Earth Magic
 88904 | Depths:4 | Reached skill level 15 in Alchemy
 88919 | Depths:4 | Killed the ghostly Margery
 89013 | Depths:4 | Found a white marble altar of Elyvilon.
 89511 | D:13     | Bought a shimmering ring mail for 198 gold pieces
 89511 | D:13     | Identified the +0 ring mail of the Vaults {rElec rN+ Int+2}
                  | (You bought it in a shop on level 13 of the Dungeon)
 89744 | Crypt:1  | Entered Level 1 of the Crypt
 89985 | Crypt:1  | Reached XP level 26. HP: 213/213 MP: 30/44
 90145 | Crypt:1  | Found a magical portal.
 90162 | WizLab   | Entered Iskenderun's Mystic Tower
 90301 | WizLab   | HP: 8/213 [purple draconian/bolt of dispelling energy (16)]
 90307 | WizLab   | HP: 5/213 [purple draconian/bolt of dispelling energy (37)]
 90746 | WizLab   | HP: 3/213 [purple draconian scorcher/damnation (45)]
 91135 | WizLab   | Reached skill level 21 in Dodging
 91364 | WizLab   | Got Iskenderun's Grimoire of the Fifth Circle
 91367 | WizLab   | Got Iskenderun's Octavo of Bombardment
 92184 | Crypt:2  | Found a runed translucent gate.
 92184 | Crypt:2  | Found a runed translucent gate.
 93346 | Crypt:2  | Found a runed translucent gate.
 93346 | Crypt:2  | Found an iron altar of Okawaru.
 93348 | Crypt:2  | Noticed Igymira's ghost (veteran MiGl)
 93348 | Crypt:2  | Identified the +2 chain mail of Sunlight {Str+5}
 94625 | Crypt:2  | Acquired 1026 gold pieces
 94958 | Orc:2    | Bought the +8 longbow "Zephyr" {speed, Dex+3 SInv} for 2464
                  | gold pieces
 94958 | Orc:2    | Found the +8 longbow "Zephyr" {speed, Dex+3 SInv}
 95298 | Crypt:3  | Entered Level 3 of the Crypt
 95629 | Crypt:3  | Identified the orb of Valour {*channel, Harm rF++ Int-2
                  | Alchemy}
 95629 | Crypt:3  | Noticed Frederick
 95652 | Crypt:3  | Killed Frederick
 95884 | Crypt:3  | Identified the +4 orcbow of Proximity {drain, rN+}
 95940 | Crypt:3  | Noticed Zenata
 95971 | Crypt:3  | Killed Zenata
 96901 | Crypt:3  | Got the Teachings on Algor
 96924 | Crypt:3  | Noticed a dread lich
 96927 | Crypt:3  | Killed a dread lich
 97154 | Crypt:3  | Found the +8 Vampire's Tooth {megavamp}
 97165 | Crypt:3  | Identified the +7 trident "Syh Osey" {freeze, Dex+2}
 97740 | Crypt:3  | Found a staircase to the Tomb.
 97756 | Crypt:3  | Noticed a dread lich
 97777 | Crypt:3  | Killed a dread lich
 97845 | Crypt:3  | Identified the staff of Teummy {rF+ rN+ Int+5 Stlth+ Necro}
 98068 | Crypt:3  | Lost mutation: You have a pair of small antennae on your
                  | head. [potion of mutation]
 98068 | Crypt:3  | Lost mutation: You occasionally shout uncontrollably at
                  | your foes. [potion of mutation]
 98068 | Crypt:3  | Lost mutation: You possess an exceptional clarity of mind.
                  | [potion of mutation]
 98068 | Crypt:3  | Gained mutation: You are robust. (+10% HP) [potion of
                  | mutation]
 98068 | Crypt:3  | Gained mutation: You are dopey. (Int -2) [potion of
                  | mutation]
 98068 | Crypt:3  | Gained mutation: You have large cloven feet. [potion of
                  | mutation]
 98068 | Crypt:3  | Gained mutation: You are partially covered in large bone
                  | plates. (SH +4) [potion of mutation]
 98069 | Crypt:3  | Lost mutation: You are partially covered in iridescent
                  | scales. (AC +2) [potion of mutation]
 98069 | Crypt:3  | Lost mutation: You have large cloven feet. [potion of
                  | mutation]
 98069 | Crypt:3  | Lost mutation: You are dopey. (Int -2) [potion of mutation]
 98069 | Crypt:3  | Gained mutation: Your magical capacity is low. (-10% MP)
                  | [potion of mutation]
 98070 | Crypt:3  | Lost mutation: You are vulnerable to heat. (rF-) [potion of
                  | mutation]
 98070 | Crypt:3  | Lost mutation: Your magical capacity is low. (-10% MP)
                  | [potion of mutation]
 98070 | Crypt:3  | Lost mutation: You are robust. (+10% HP) [potion of
                  | mutation]
 98070 | Crypt:3  | Gained mutation: Your mind is acute. (Int +4, Str/Dex -1)
                  | [potion of mutation]
 98070 | Crypt:3  | Gained mutation: You are robust. (+10% HP) [potion of
                  | mutation]
 98070 | Crypt:3  | Gained mutation: Your mind is very acute. (Int +8, Str/Dex
                  | -2) [potion of mutation]
 98446 | Vaults:5 | Entered Level 5 of the Vaults
 98449 | Vaults:5 | Noticed Bai Suzhen
 98450 | Vaults:5 | Reached XP level 27. HP: 197/244 MP: 43/45
 98456 | Vaults:4 | Reached skill level 22 in Dodging
 98905 | Vaults:5 | Noticed Sojobo
 98929 | Vaults:5 | Killed Sojobo
 99084 | Vaults:5 | Noticed an ancient lich
 99097 | Vaults:5 | Killed an ancient lich
 99896 | Vaults:5 | Noticed a dread lich
 99914 | Vaults:5 | Killed a dread lich
100056 | Vaults:5 | Got a silver rune of Zot
100156 | Vaults:5 | Identified the amulet "Joanud" {Reflect *Corrode Str+2
                  | Dex+2 SH+5}
100159 | Vaults:5 | Identified the +1 scale mail of Poor Excuses {Harm +Blink
                  | rN++ Int-2}
100180 | Vaults:5 | Was placed under penance by Elyvilon
100648 | Vaults:5 | Killed Bai Suzhen
101382 | Vaults:5 | Identified the +5 great mace "Vaup" {flame, rElec rN+
                  | Int+3}
101498 | Vaults:5 | Reached skill level 23 in Dodging
102280 | Vaults:5 | Identified the +1 ring mail of Fedhas's Castigation {Harm
                  | Str+3}
102296 | Vaults:5 | Identified the staff of Superiority {Fly MP-9 Str+6 Conj
                  | Earth}
102705 | Vaults:5 | Identified the staff "Buloleg" {rC+ rN+ Ice}
103021 | Depths:4 | Learned a level 7 spell: Orb of Destruction
104404 | Zot:1    | Entered Level 1 of the Realm of Zot
104518 | Zot:1    | Learned a level 7 spell: Enfeeble
104700 | Zot:1    | Was forgiven by Elyvilon
104849 | Zot:1    | Found a transporter.
104860 | Zot:1    | Found a transporter.
105813 | Zot:2    | Noticed an orb of fire
106918 | Zot:2    | Killed an orb of fire
107822 | Zot:3    | Found the macabre finger necklace {Finger+ rN+}
109382 | Zot:3    | Identified the +7 chain mail of the Past {rElec rCorr
                  | Dex+4}
109630 | Zot:3    | Was placed under penance by Elyvilon
110927 | Zot:3    | Reached skill level 24 in Dodging
112601 | Zot:4    | Noticed an orb of fire
112616 | Zot:4    | Gained mutation: Your muscles are strong. (Str +4, Int/Dex
                  | -1) [an orb of fire]
112632 | Zot:4    | Killed an orb of fire
113323 | Zot:5    | Entered Level 5 of the Realm of Zot
113323 | Zot:5    | Was forgiven by Elyvilon
114464 | Zot:5    | Noticed an ancient lich
114495 | Zot:5    | Killed an ancient lich
115396 | Zot:5    | Noticed an orb of fire
115406 | Zot:5    | Lost mutation: You are robust. (+10% HP) [an orb of fire]
115419 | Zot:5    | Gained mutation: You are frail. (-10% HP) [an orb of fire]
115425 | Zot:5    | Killed an orb of fire
115560 | Zot:5    | Noticed a dread lich
115584 | Zot:5    | Killed a dread lich
116205 | Zot:5    | Noticed an orb of fire
116227 | Zot:5    | Gained mutation: You possess an exceptional clarity of
                  | mind. [an orb of fire]
116249 | Zot:5    | Gained mutation: You are clumsy. (Dex -2) [an orb of fire]
116252 | Zot:5    | Gained mutation: Your spells are a little easier to cast,
                  | but a little less powerful. [an orb of fire]
116335 | Zot:5    | Killed an orb of fire
116574 | Zot:5    | Lost mutation: Your mind is very acute. (Int +8, Str/Dex
                  | -2) [potion of mutation]
116574 | Zot:5    | Lost mutation: Your mind is acute. (Int +4, Str/Dex -1)
                  | [potion of mutation]
116574 | Zot:5    | Gained mutation: You occasionally lose the ability to read
                  | scrolls when taking damage. [potion of mutation]
116574 | Zot:5    | Gained mutation: Your system is resistant to poisons.
                  | (rPois) [potion of mutation]
116574 | Zot:5    | Gained mutation: Your skin changes colour to match your
                  | surroundings (Stealth+). [potion of mutation]
116575 | Zot:5    | Lost mutation: You are partially covered in large bone
                  | plates. (SH +4) [potion of mutation]
116575 | Zot:5    | Lost mutation: Your spells are a little easier to cast, but
                  | a little less powerful. [potion of mutation]
116575 | Zot:5    | Lost mutation: You possess an exceptional clarity of mind.
                  | [potion of mutation]
116575 | Zot:5    | Gained mutation: You have sharp toenails. [potion of
                  | mutation]
116575 | Zot:5    | Gained mutation: Your muscles are very strong. (Str +8,
                  | Int/Dex -2) [potion of mutation]
116576 | Zot:5    | Lost mutation: Your muscles are very strong. (Str +8,
                  | Int/Dex -2) [potion of mutation]
116576 | Zot:5    | Lost mutation: You occasionally lose the ability to read
                  | scrolls when taking damage. [potion of mutation]
116576 | Zot:5    | Gained mutation: You have a pair of small horns on your
                  | head. [potion of mutation]
116577 | Zot:5    | Lost mutation: You are clumsy. (Dex -2) [potion of
                  | mutation]
116577 | Zot:5    | Lost mutation: Your system is resistant to poisons. (rPois)
                  | [potion of mutation]
116577 | Zot:5    | Lost mutation: You have a pair of small horns on your head.
                  | [potion of mutation]
116577 | Zot:5    | Gained mutation: You are agile. (Dex +4, Str/Int -1)
                  | [potion of mutation]
116577 | Zot:5    | Gained mutation: You are partially covered in large bone
                  | plates. (SH +4) [potion of mutation]
116579 | Zot:5    | Lost mutation: You are partially covered in large bone
                  | plates. (SH +4) [potion of mutation]
116579 | Zot:5    | Lost mutation: You are frail. (-10% HP) [potion of
                  | mutation]
116579 | Zot:5    | Lost mutation: Your muscles are strong. (Str +4, Int/Dex
                  | -1) [potion of mutation]
116579 | Zot:5    | Gained mutation: You have a pair of small horns on your
                  | head. [potion of mutation]
116579 | Zot:5    | Gained mutation: You are robust. (+10% HP) [potion of
                  | mutation]
116579 | Zot:5    | Gained mutation: You occasionally lose the ability to drink
                  | potions when taking damage. [potion of mutation]
116579 | Zot:5    | Gained mutation: You are very robust. (+20% HP) [potion of
                  | mutation]
116580 | Zot:5    | Lost mutation: You are agile. (Dex +4, Str/Int -1) [potion
                  | of mutation]
116580 | Zot:5    | Lost mutation: You are very robust. (+20% HP) [potion of
                  | mutation]
116580 | Zot:5    | Lost mutation: You have sharp toenails. [potion of
                  | mutation]
116580 | Zot:5    | Gained mutation: You are very robust. (+20% HP) [potion of
                  | mutation]
116651 | Zot:5    | Noticed a dread lich
116661 | Zot:5    | Killed a dread lich
116777 | Zot:5    | Reached skill level 25 in Dodging
117813 | Slime:1  | Entered Level 1 of the Pits of Slime
120514 | Slime:5  | Entered Level 5 of the Pits of Slime
120611 | Slime:5  | Found a viscous altar of Jiyva.
120611 | Slime:5  | Noticed the Royal Jelly
120626 | Slime:5  | Was placed under penance by Elyvilon
120667 | Slime:5  | Killed the Royal Jelly
121331 | Slime:5  | Identified the staff "Cuirchul" {Fly rPois Dex+3 Alchemy}
121337 | Slime:5  | Identified the staff "Sizin" {rF+ rN+ Stlth+ Tloc Fire
                  | Earth}
121387 | Slime:5  | Identified the +10 whip of Falafe {drain, Will+ SInv}
121413 | Slime:5  | Identified the ring "Kemule Byox" {^Contam Fly rC+ Int+2
                  | Stlth+}
121423 | Slime:5  | Identified the +0 leather armour "Wiostos" {Harm rN+ Str-2}
121442 | Slime:5  | Identified the amulet of Dishonour {Spirit rC+++}
121443 | Slime:5  | Identified the +0 scale mail "Dawupueg" {Will++ Int+3
                  | Stlth+}
121447 | Slime:5  | Got a slimy rune of Zot
121489 | Slime:5  | Identified the +8 arbalest of Sopoyt {freeze, Int+3}
121946 | Slime:5  | Was forgiven by Elyvilon
121958 | Slime:4  | Gained mutation: You are extremely robust. (+30% HP) [a
                  | shining eye]
125190 | Depths:3 | Voluntarily entered the Abyss.
125190 | Abyss:3  | Found a corrupted altar of Lugonu.
125246 | Abyss:3  | Found a transporter.
125261 | Abyss:3  | Gained mutation: You are clumsy. (Dex -2) [a neqoxec]
125265 | Abyss:3  | Found a transporter.
125363 | Abyss:3  | Got an abyssal rune of Zot
125369 | Abyss:3  | Found a transporter.
125492 | Depths:3 | Escaped the Abyss
125820 | Zot:5    | Got the Orb of Zot
125987 | Zot:2    | Noticed Hokhamm the pandemonium lord
125993 | Zot:1    | Killed Hokhamm the pandemonium lord
126189 | Depths:1 | Noticed Qyphakke the pandemonium lord
126409 | D:10     | Noticed Bath the pandemonium lord
127132 | D:1      | Reached skill level 26 in Dodging
127234 | D:1      | Noticed Reumekit the pandemonium lord
127262 | D:1      | Killed Reumekit the pandemonium lord
127688 | D:1      | Noticed Uhos the pandemonium lord
127708 | D:1      | Gained mutation: You sometimes lose your temper in combat.
                  | [a cacodemon]
127716 | D:1      | Gained mutation: Armour fits poorly on your strangely
                  | shaped body. [a cacodemon]
127717 | D:1      | Killed Uhos the pandemonium lord
127817 | D:1      | Noticed Durgh the pandemonium lord
127818 | D:$      | Escaped with the Orb!

Illustrated notes

Levels and vault maps discovered:
D:1:      mainiacjoe_arrival_reflecting_pool, layout_basic,
          minmay_gold_behind_fungi, interstate_on_off,
          chequers_serial_rivers_marsh, corexii_hall_statues_deadend
D:2:      layout_basic, shapermc_ecumenical_altar_totnotflames, basic_altar,
          uniq_natasha
D:3:      minmay_bubble_buster, layout_rooms, nemelex_spade_bored_becter,
          serial_shops, shop
D:4:      layout_cave_pods, lemuel_tele_altar, nicolae_qazlal_style_of_elements,
          marbit_many_paths, kennysheep_okawaru_gauntlet,
          nicolae_dithmenos_the_darkroom
D:5:      layout_rooms, minmay_temple_entry_hall, serial_shops, shop_coins
D:6:      layout_loops_ring, kennysheep_little_box,
          mainiacjoe_overflow_alcove_1, zin_scriptorium, portal_sewer_entry_a,
          minmay_shop_mass
D:7:      layout_basic, nicolae_shop_i_like_big_books
D:8:      layout_basic, gammafunk_temple_overflow_statue,
          ebering_ghost_rock_garden
D:9:      layout_stronghold, old_standard_altar,
          mainiacjoe_overflow_cross_hatched, orc_david_3,
          gammafunk_ghost_necromancy
D:10:     layout_roguey, uniq_joseph
D:11:     layout_loops_ring, david_lair_generic, nicolae_shop_self_help,
          uniq_grum
D:12:     layout_long_grid, serial_shops, nicolae_shop_back_alley_shop,
          nrook_uturn
D:13:     layout_long_grid, serial_shops, shop, nicolae_shop_waterfront, shop,
          shop, nicolae_ru_awakened_eye
D:14:     layout_basic, grunt_vaults_entry_fortified, nicolae_underground_beach
D:15:     hangedman_crystal_crosses_colossus [crystal_crosses_arms_four,
          crystal_crosses_arms_two, crystal_crosses_arms_one]
Lair:1:   minmay_lair_venomous_thicket, layout_gridlike,
          pdpol_lair_neglected_garden
Lair:2:   layout_misc_corridors, minmay_shoals_entry_beasts,
          spider_nest_entry_webs, ebering_ghost_rock_garden, uniq_amaemon
Lair:3:   layout_hall_layers, special_room [special_room_bee]
Lair:4:   layout_roguey, portal_ice_cave_entry_ice_simulacra,
          chequers_serial_rivers_micro_e
Lair:5:   cheibrodos_lair_end_hotspot, layout_gridlike, slime_entry_1
Shoals:1: layout_shoals, nicolae_shoals_the_drawing_of_the_three
Shoals:2: layout_shoals, nicolae_shoals_songs
Shoals:3: nicolae_shoals_lighthouse, layout_shoals, uniq_nikola
Shoals:4: shoals_end_simple, layout_shoals, hellmonk_ghost_happy_afterlife
Spider:1: layout_spider_delve, hangedman_spider_tarantella_strand,
          uniq_josephine
Spider:2: layout_spider_delve, uniq_agnes
Spider:3: layout_spider_delve, nicolae_spider_rock_and_or_roll
Spider:4: spider_rune_water, hellmonk_test_site
Slime:1:  layout_caves
Slime:2:  layout_caves, nicolae_slime_getting_an_eyeful
Slime:3:  layout_caves, cheibrodos_slime_lost_civilization_7
Slime:4:  layout_caves, nicolae_slime_crime_time
Slime:5:  slime_pit_nicolae_block_by_block
Orc:1:    layout_caves, gammafunk_ghost_split, led_sif_book
Orc:2:    st_orc_mages, layout_caves, basic_altar, gauntlet_entry_generic
Elf:1:    eino_elf_arrival_the_gate, layout_loops_cross,
          gammafunk_ghost_tricky_traps, nicolae_elf_crossing_hall
Elf:2:    elven_hall_of_blades_hangedman_original
          [nicolae_blade_entry_crossed_weapons], layout_loops_corners
Elf:3:    grunt_elf_hall_diamonds, layout_geoelf_castle, serial_shops,
          nicolae_shop_rolling_square, library_closet
Vaults:1: nicolae_vaults_storage_room_doors, ontoclasm_vaults_chip,
          vaults_room_stairs_pillars, vaults_dpeg_encased_lava,
          nicolae_vaults_specimen_jars, vaults_standard_mumra_lines,
          nicolae_vaults_oval_intersection, nicolae_vaults_trapezoid_1,
          hangedman_vaults_maws, vaults_mumra_minichess,
          nicolae_vaults_surprise_closet, ontoclasm_vaults_eye,
          nicolae_vaults_shelves_hall, layout_vaults_omnigrid, serial_shops,
          nicolae_lakefront_shop, enter_trove_1, uniq_boris
Vaults:2: nzn_ghost_randoct, ontoclasm_vaults_misaligned, vaults_room_corners,
          ontoclasm_vaults_ring_square, v_misc_12,
          minmay_crypt_entry_simple_box, st_diamondy,
          nicolae_vaults_little_squares_3, nicolae_vaults_double_plus_1,
          v_misc_29, vaults_mumra_minichess_inversion,
          nicolae_vaults_storage_closets_1, nicolae_vaults_trapezoid_2,
          layout_vaults_big_cross, serial_shops, shop
Vaults:3: nicolae_vaults_closet_pinwheel_4, nicolae_vaults_tetromino_T_1,
          vaults_dpeg_cross, nicolae_vaults_mitosis,
          nicolae_vaults_diagonal_hallway_7, st_squares,
          nicolae_vaults_storage_closets_2, nicolae_vaults_trapezoid_3,
          vaults_room_door_hall, dpeg_vaults_monster_row, vaults_room_grid,
          nicolae_vaults_ring_of_whatevers, nicolae_vaults_wrenched,
          nicolae_vaults_shelves_hall, layout_vaults_maze_bifur, serial_shops,
          bzr_entry_gold, nicolae_shop_industrial_runoff, uniq_xtahua, uniq_mara
Vaults:4: portal_desolation_entry_holy_temple, nicolae_vaults_sesquioval_fish,
          v_alt_pattern_4, minmay_orc_keep,
          nicolae_vaults_offset_grid_hallway_1, v_pattern_3,
          hangedman_vaults_nails, nicolae_vaults_border_crossing, v_misc_2,
          nicolae_vaults_layer_cake_slice, vaults_room_grid, vaults_mumra_lcd,
          nicolae_vaults_surprise_closet_hard, nicolae_vaults_apartment_1,
          nicolae_vaults_tetromino_T_1, nicolae_vaults_trapezoid_lopsided_2,
          nicolae_vaults_trapezoid_lopsided_1, layout_vaults_omnibox
Vaults:5: uniq_sojobo, uniq_bai_suzhen
Crypt:1:  layout_misc_corridors, mu_enter_wizlab_3,
          roderic_lattice_octagonal_star
Crypt:2:  cheibrodos_crypt_draghalla, layout_regular_city,
          gammafunk_ghost_fury_of_okawaru
Crypt:3:  quadcrypt_mu, uniq_frederick, uniq_zenata
Depths:1: layout_roguey, enter_ziggurat_c, rand_demon_pan_entry_8,
          grunt_hell_entry_dis_mu, ebering_ghost_disaster_area,
          columned_hall_lemuel, nicolae_kikubaaqudgha_miasma_corner,
          uniq_asterion, uniq_enchantress
Depths:2: minmay_the_grid_octo_tiled_octocenter_mashed
          [minmay_the_grid_octo_pinwheel, minmay_the_grid_octo_clover,
          minmay_the_grid_octo_shrine, minmay_the_grid_octo_thin_diamonds,
          minmay_the_grid_octo_prize_single_spiral,
          minmay_the_grid_square_5x5_checkered,
          minmay_the_grid_square_5x5_longway,
          minmay_the_grid_square_5x5_trominoes,
          minmay_the_grid_square_5x5_intrusive_squares], layout_basic,
          nicolae_wu_jian_wuxing_cycle, hell_entry, pan_entry, uniq_vv
Depths:3: evilmike_makhleb_hellhole, layout_cave_shapes, pan_entry, hell_entry,
          serial_shops, nicolae_shop_advertising_works
          [nicolae_subvault_shop_adworks], abyss_entry,
          hangedman_decor_opposing, infiniplex_staircase_pillars_1,
          minmay_shoptagon
Depths:4: grunt_zot_entry_pinwheel, layout_cave_pools,
          nicolae_hell_entry_hellmouth_sunbeams, elyvilon_altar_3,
          nicolae_evil_shop, uniq_margery
Zot:1:    gammafunk_sealed_arena, layout_misc_corridors,
          hangedman_zot_decor_slant
Zot:2:    layout_basic, regret_index_zotdec_under_construction
Zot:3:    layout_basic, regret_index_zotdec_twisting_globes, lemuel_elevator
Zot:4:    layout_basic
Zot:5:    layout_gridlike

Skill      XL: |  1  2  3  4  5  6  7  8  9 10 11 12 13 14 15 16 17 18 19 20 21 22 23 24 25 26 27 |
---------------+----------------------------------------------------------------------------------+-----
Stealth        | 10 11 12 13 14 15 16 17 18 19 20 22 | 22.7
Long Blades    | 1 2 3 5 6 7 8 9 10 11 12 13 14 15 16 17 18 21 | 21.1
Axes           | 1 2 3 5 6 7 8 9 10 11 12 13 14 15 16 17 18 21 | 21.1
Maces & Flails | 1 2 3 5 6 7 8 9 10 11 12 13 14 15 16 17 18 19 24 | 24.4
Polearms       | 1 2 3 5 6 7 8 9 10 11 12 13 14 15 16 17 18 21 | 21.1
Staves         | 1 2 3 5 6 7 8 9 10 11 12 13 14 15 16 17 18 21 | 21.1
Ranged Weapons | 1 2 3 5 6 7 8 9 10 11 12 13 14 15 16 17 18 21 | 21.1
Throwing       | 1 2 3 5 6 7 8 9 10 11 12 13 14 15 16 17 18 21 | 21.1
Armour         | 1 2 3 5 6 7 8 9 10 11 12 13 14 15 16 17 18 21 | 21.1
Shields        | 1 2 3 5 6 7 8 9 10 11 12 13 14 15 16 17 18 21 | 21.1
Unarmed Combat | 1 2 3 5 6 7 8 9 10 11 12 13 14 15 16 17 18 21 | 21.1
Spellcasting   | 1 2 3 5 6 7 8 9 10 11 12 13 14 15 16 17 18 21 | 21.1
Conjurations   | 1 2 3 4 5 6 7 8 9 10 11 12 13 14 15 18 | 18.1
Hexes          | 1 2 3 4 5 6 7 8 9 10 11 12 13 14 15 18 | 18.1
Summonings     | 1 2 3 4 5 6 7 8 9 10 11 12 13 14 15 18 | 18.1
Necromancy     | 1 2 3 4 5 6 7 8 9 10 11 12 13 14 15 18 | 18.1
Translocations | 1 2 3 4 5 6 7 8 9 10 11 12 13 14 15 18 | 18.1
Fire Magic     | 1 2 3 4 5 6 7 8 9 10 11 12 13 14 15 18 | 18.1
Ice Magic      | 1 2 3 4 5 6 7 8 9 10 11 12 13 14 15 18 | 18.1
Air Magic      | 1 2 3 4 5 6 7 8 9 10 11 12 13 14 15 18 | 18.1
Earth Magic    | 1 2 3 4 5 6 7 8 9 10 11 12 13 14 15 18 | 18.1
Alchemy        | 1 2 3 4 5 6 7 8 9 10 11 12 13 14 15 18 | 18.1
Invocations    | 1 2 3 4 5 6 7 8 9 10 11 12 13 14 15 16 17 18 19 22 | 22.8
Evocations     | 1 2 3 5 6 7 8 9 10 11 12 13 14 15 16 17 18 21 | 21.1
Shapeshifting  | 1 2 3 4 5 6 7 8 9 10 11 12 13 14 15 16 19 | 19.6
Short Blades   | 5 6 7 8 9 10 11 12 13 14 15 16 17 18 21 | 21.5
Dodging        | 5 6 7 8 9 10 11 12 13 14 16 17 18 19 20 21 26 | 26.1
Fighting       | 7 8 9 10 11 12 13 14 15 16 17 18 19 21 | 21.9

Action                     |  1- 3 |  4- 6 |  7- 9 | 10-12 | 13-15 | 16-18 | 19-21 | 22-24 | 25-27 || total
---------------------------+-------+-------+-------+-------+-------+-------+-------+-------+-------++-------
  Melee: Short sword       |    17 |       |   308 |   867 |  2001 |       |       |       |       ||  3193
         Dagger            |     4 |   189 |   127 |       |       |       |       |       |       ||   320
         Bite              |     2 |    14 |    58 |   120 |   419 |   173 |   171 |   278 |   459 ||  1694
         Punch             |       |     3 |    14 |     6 |       |       |       |       |    40 ||    63
         Broad axe         |       |       |       |       |   277 |   842 |  1044 |  1424 |   600 ||  4187
         Hand cannon       |       |       |       |       |       |       |       |     1 |       ||     1
         Morningstar       |       |       |       |       |       |       |       |     1 |   710 ||   711
         Staff             |       |       |       |       |       |       |       |       |   116 ||   116
         Longbow           |       |       |       |       |       |       |       |       |     1 ||     1
         Quick blade       |       |       |       |       |       |       |       |       |   590 ||   590
         Headbutt          |       |       |       |       |       |       |       |       |   362 ||   362
   Fire: Orcbow            |       |       |   176 |    23 |       |       |       |       |       ||   199
         Hand cannon       |       |       |       |       |       |       |    88 |    79 |       ||   167
         Longbow           |       |       |       |       |       |       |       |       |    93 ||    93
  Throw: Dart              |       |       |     7 |     9 |    27 |     1 |     1 |       |       ||    45
         Javelin           |       |       |     6 |    15 |     9 |       |       |       |       ||    30
   Cast: Dazzling Flash    |       |       |     7 |    40 |     5 |       |       |       |       ||    52
         Inner Flame       |       |       |     3 |    71 |   106 |     2 |     2 |    11 |     3 ||   198
         Swiftness         |       |       |       |     5 |     1 |       |       |       |       ||     6
         Yara's Violent Un |       |       |       |     5 |       |     2 |     8 |    24 |    17 ||    56
         Flame Wave        |       |       |       |     4 |    38 |     5 |       |     2 |       ||    49
         Summon Lightning  |       |       |       |       |    28 |   123 |   135 |    83 |    44 ||   413
         Summon Mana Viper |       |       |       |       |    18 |    25 |   112 |   185 |   165 ||   505
         Summon Blazeheart |       |       |       |       |    11 |    78 |    69 |    51 |     1 ||   210
         Tukima's Dance    |       |       |       |       |       |       |    13 |     3 |     2 ||    18
         Vhi's Electric Ch |       |       |       |       |       |       |    12 |     4 |     2 ||    18
         Summon Hydra      |       |       |       |       |       |       |       |   177 |   753 ||   930
         Summon Forest     |       |       |       |       |       |       |       |     2 |   109 ||   111
         Arcjolt           |       |       |       |       |       |       |       |     1 |    16 ||    17
         Enfeeble          |       |       |       |       |       |       |       |       |   296 ||   296
         Orb of Destructio |       |       |       |       |       |       |       |       |     1 ||     1
 Invoke: Heal Other        |       |       |     4 |     1 |       |       |       |       |       ||     5
         Purification      |       |       |     1 |     1 |       |       |     2 |       |     1 ||     5
         Divine Vigour     |       |       |       |       |       |     3 |     6 |     1 |     3 ||    13
         Heal Self         |       |       |       |       |       |     2 |     8 |     1 |    26 ||    37
  Evoke: Wand              |       |       |     3 |    13 |    22 |    10 |     6 |     6 |    34 ||    94
         Phial of floods   |       |       |       |       |       |     2 |       |     1 |     3 ||     6
         Box of beasts     |       |       |       |       |       |       |       |     2 |     6 ||     8
         Phantom mirror    |       |       |       |       |       |       |       |     2 |     4 ||     6
    Use: Potion            |       |     3 |     5 |     3 |     7 |    23 |    18 |    13 |    47 ||   119
         Scroll            |       |     1 |    17 |    10 |    18 |    11 |    10 |    25 |    50 ||   142
   Stab: Sleeping          |     1 |       |    37 |     4 |     6 |     5 |     9 |    10 |     6 ||    78
         Distracted        |       |     2 |       |     2 |     3 |    23 |    22 |    33 |    55 ||   140
         Invisible         |       |       |     6 |    21 |       |       |     3 |     3 |   106 ||   139
         Paralysed         |       |       |       |       |     1 |    11 |     3 |       |     5 ||    20
         Petrified         |       |       |       |       |     1 |       |       |       |       ||     1
 Armour: Leather armour    |     6 |    94 |   221 |    19 |   225 |   580 |   609 |   436 |   119 ||  2309
         Robe              |       |       |       |   134 |       |       |       |       |       ||   134
         Skin              |       |       |       |     2 |       |       |       |       |       ||     2
         Acid dragon scale |       |       |       |   104 |   638 |       |       |       |       ||   742
         Ring mail         |       |       |       |       |       |       |       |       |   299 ||   299
         Fire dragon scale |       |       |       |       |       |       |       |       |   726 ||   726
         Quicksilver drago |       |       |       |       |       |       |       |       |    12 ||    12
  Dodge: Dodged            |    17 |   123 |   256 |   478 |  1334 |   986 |  1240 |  1183 |  1100 ||  6717
  Block: Other             |       |    30 |    77 |    24 |       |       |       |       |    22 ||   153
         Reflection        |       |       |     4 |    15 |     1 |       |    65 |    45 |       ||   130
         Buckler           |       |       |       |   454 |   923 |   554 |   931 |   925 |   208 ||  3995
         Tower shield      |       |       |       |       |       |       |       |       |  1614 ||  1614

Table legend: (Time is in decaauts)
 A = Elapsed time spent in this place.
 B = Non-inter-level travel time spent in this place.
 C = Inter-level travel time spent in this place.
 D = Time resting spent in this place.
 E = Time spent auto-exploring this place.
 F = Levels seen in this place.
 G = Mean time per level.
                   A        B        C        D        E       F      G
               +--------+--------+--------+--------+--------+-----+--------+
         Total | 125506 | 112737 |  12769 |  43890 |  37343 |  63 | 1992.2 |
       Dungeon |  25327 |  20044 |   5283 |   5347 |   9284 |  15 | 1688.5 |
          Lair |  10003 |   9324 |    679 |   3606 |   3459 |   5 | 2000.6 |
        Shoals |   7784 |   7373 |    411 |   2219 |   2556 |   4 | 1946.0 |
   Spider Nest |   7956 |   7662 |    294 |   3030 |   2279 |   4 | 1989.0 |
    Slime Pits |   5259 |   5031 |    228 |   1157 |   2721 |   5 | 1051.8 |
  Orcish Mines |   3654 |   3167 |    487 |   1628 |    814 |   2 | 1827.0 |
   Elven Halls |   9913 |   9202 |    711 |   4411 |   2976 |   3 | 3304.3 |
        Vaults |  17200 |  15623 |   1577 |   7328 |   3958 |   5 | 3440.0 |
         Crypt |   6616 |   6062 |    554 |   2310 |   1868 |   3 | 2205.3 |
        Depths |  10996 |   9487 |   1509 |   3024 |   3584 |   4 | 2749.0 |
           Zot |  13555 |  12524 |   1031 |   6484 |   3422 |   5 | 2711.0 |
         Abyss |   1475 |   1475 |      0 |    248 |    110 |   3 |  491.7 |
        Bazaar |    306 |    306 |      0 |    155 |      4 |   1 |  306.0 |
         Sewer |   1186 |   1186 |      0 |    779 |      0 |   1 | 1186.0 |
      Ice Cave |   1829 |   1829 |      0 |    976 |     89 |   1 | 1829.0 |
        Wizlab |   1506 |   1506 |      0 |    899 |    217 |   1 | 1506.0 |
      Gauntlet |    936 |    936 |      0 |    286 |      0 |   1 |  936.0 |
               +--------+--------+--------+--------+--------+-----+--------+

Top non-repeatable levels by time:
Vaults:2: 4616 daAuts
   Elf:3: 4241 daAuts
Vaults:5: 3952 daAuts
   Elf:2: 3612 daAuts
   Zot:2: 3521 daAuts
   Zot:5: 3371 daAuts
Depths:1: 3363 daAuts
     D:9: 3289 daAuts
Vaults:3: 3129 daAuts
Depths:2: 2978 daAuts
Vaults:4: 2950 daAuts
  Lair:5: 2737 daAuts
 Crypt:3: 2737 daAuts
 Crypt:2: 2672 daAuts
   Zot:3: 2648 daAuts
